 Dungeon Crawl Stone Soup version 0.26.1-11-gd32895ea62 (webtiles) character file.

Game seed: 1028271481108958096

1591681 DildoBatman the Petrodigitator (level 27, -12/249 HPs)
             Began as a Formicid Conjurer on May 18, 2021.
             Was an Initiate of Gozag.
             Killed by the air
             ... invoked by a wind drake
              (13 damage)
             ... in Pandemonium on May 24, 2021.
             The game lasted 08:00:41 (92262 turns).

DildoBatman the Petrodigitator (Formicid Conjurer) Turns: 92262, Time: 08:00:41

Health: -12/249    AC: 33    Str: 18      XL:     27
Magic:  17/54      EV: 45    Int: 36 (37) God:    Gozag
Gold:   56967      SH: 38    Dex: 18      Spells: 31/80 levels left

rFire    . . .     SeeInvis +   a - +9 staff of Wucad Mu {*channel}
rCold    + . .     Faith    .   B - +8 tower shield {reflect}
rNeg     + + +     Spirit   .   o - +4 troll leather armour {Snorg}
rPois    ∞         Reflect  +   (helmet unavailable)
rElec    +         Harm     .   q - +1 cloak of Starlight {*Dazzle EV+4 Stlth--}
rCorr    .         Rampage  .   j - +3 pair of gauntlets of War {Slay+5}
Will     +++..     Clarity  +   n - +4 pair of boots "Ruuduguam" {rPois Int+2 Dex+3}
Stlth    ++++......             m - amulet "Wirry" {RegenMP rN+}
HPRegen  1.31/turn              t - ring of the Hare {EV+8}
MPRegen  0.59/turn              J - ring "Ucro" {rElec Str+6 Int+4 Dex+6}

@: brilliant, lich-form, tornado, marked, frozen, gold aura, flying (expiring),
very slow
A: permanent stasis, dig shafts and tunnels, four strong arms, antennae 3, beak,
hooves 1, large bone plates 1, clarity, regeneration 1, MP-powered wands
}: 11/15 runes: decaying, serpentine, slimy, silver, golden, iron, obsidian,
icy, bone, abyssal, dark
a: Dig, End Transformation, Renounce Religion, Potion Petition, Call Merchant,
Bribe Branch


You were in Pandemonium.
You worshipped Gozag.
Gozag was exalted by your worship.
You were a lich.
You visited 17 branches of the dungeon, and saw 75 of its levels.
You visited Pandemonium 1 time, and saw 12 of its levels.
You visited the Abyss 2 times.
You completed 3 ziggurats, and saw 81 of their levels.
You also visited: Trove, Volcano and Wizlab.

You collected 84941 gold pieces.
You spent 8031 gold pieces at shops.
You paid 19943 gold pieces to Gozag.

Inventory:

Hand Weapons
 a - the +9 staff of Wucad Mu (weapon) {*channel}
   (You found it in a treasure trove)
 b - the +18 lance "Wyrmbane" {slay drac, rPois rF+ rC+ AC+3}
   (You found it on level 12 of a ziggurat)

   It affects your AC (+3).
   It protects you from fire.
   It protects you from cold.
   It protects you from poison.
 c - the +7 Singing Sword {vorpal, sonic wave}
   (You found it on level 23 of a ziggurat)

   It inflicts extra damage upon your enemies.
 d - the +6 trident "Gysu" {venom, rElec rF+++ Str-3 SInv}
   (You took it off an ironbrand convoker on level 5 of the Vaults)

   It poisons the flesh of those it strikes.
   It affects your strength (-3).
   It renders you almost immune to fire.
   It insulates you from electricity.
   It lets you see invisible.
 e - the +10 hand crossbow of the Shoals {elec, rPois Str+4 Dex+4}
   (You found it on level 3 of the Swamp)

   It charges the ammunition it shoots with electricity; occasionally upon a
   hit, such missiles may discharge and cause terrible harm.
   It affects your strength (+4).
   It affects your dexterity (+4).
   It protects you from poison.
Missiles
 k - 2697 bolts
 U - 823 silver javelins (quivered)
Armour
 j - the +3 pair of gauntlets of War (worn) {Slay+5}
   (You found it on level 5 of the Vaults)

   It affects your accuracy and damage with ranged weapons and melee attacks
   (+5).
 n - the +4 pair of boots "Ruuduguam" (worn) {rPois Int+2 Dex+3}
   (You bought it in a shop on level 2 of the Orcish Mines)

   It affects your intelligence (+2).
   It affects your dexterity (+3).
   It protects you from poison.
 o - a +4 troll leather armour (worn) {Snorg}
 q - the +1 cloak of Starlight (worn) {*Dazzle EV+4 Stlth--}
   (You found it on level 25 of a ziggurat)

   It affects your evasion (+4).
   It makes you much less stealthy.
 B - a +8 tower shield of reflection (worn)
Jewellery
 m - the amulet "Wirry" (around neck) {RegenMP rN+}
   (You found it on level 22 of a ziggurat)

   [amulet of magic regeneration]

   It increases your magic regeneration.
   It protects you from negative energy.
 t - the ring of the Hare (left hand) {EV+8}
   (You found it on level 23 of a ziggurat)

   [ring of evasion]

   It affects your evasion (+8).
 J - the ring "Ucro" (right hand) {rElec Str+6 Int+4 Dex+6}
   (You bought it in a shop on level 1 of the Snake Pit)

   [ring of dexterity]

   It affects your strength (+6).
   It affects your intelligence (+4).
   It affects your dexterity (+6).
   It insulates you from electricity.
Wands
 E - a wand of iceblast (23)
 Q - a wand of acid (41)
Scrolls
 l - 23 scrolls of amnesia
 x - 69 scrolls of remove curse
 z - 46 scrolls of identify
 C - 6 scrolls of magic mapping
 M - 53 scrolls of fog
 V - 10 scrolls of immolation
Potions
 h - 9 potions of might
 p - 25 potions of heal wounds
 v - 12 potions of brilliance
 H - 17 potions of cancellation
 L - 5 potions of invisibility
 N - 9 potions of magic
 O - 28 potions of mutation
 R - 35 potions of curing
 Z - 7 potions of resistance
Miscellaneous
 y - a condenser vane


   Skills:
 O Level 27 Fighting
 - Level 15.1 Long Blades
 - Level 18.6 Maces & Flails
 O Level 27 Polearms
 - Level 6.0 Bows
 - Level 13.3 Crossbows
 - Level 11.1 Throwing
 O Level 27 Armour
 O Level 27 Dodging
 - Level 14.3 Stealth
 O Level 27 Shields
 O Level 27 Spellcasting
 * Level 12.5 Conjurations
 - Level 14.8 Hexes
 O Level 27 Necromancy
 O Level 27 Transmutations
 * Level 13.0 Fire Magic
 * Level 15.1 Ice Magic
 O Level 27 Air Magic
 O Level 27 Earth Magic
 - Level 4.0 Poison Magic
 O Level 27 Evocations


You had 31 spell levels left.
You knew the following spells:

 Your Spells              Type           Power        Failure   Level
a - Borgnjor's Vile Clut  Necr/Erth      89%          0%          5
b - Shatter               Erth           76%          1%          9
c - Tornado               Air            76%          1%          9
d - Necromutation         Tmut/Necr      89%          1%          8
g - Ozocubu's Armour      Ice            100%         0%          3
h - Dispel Undead         Necr           100%         0%          4
j - Death's Door          Necr           89%          1%          9
z - Sublimation of Blood  Necr           89%          0%          2

Your spell library contained the following spells:

 Spells                   Type           Power        Failure   Level
 Animate Skeleton         Necr           100%         0%          1
 Beastly Appendage        Tmut           100%         0%          1
 Corona                   Hex            100%         0%          1
 Foxfire                  Conj/Fire      100%         0%          1
 Freeze                   Ice            100%         0%          1
 Magic Dart               Conj           100%         0%          1
 Pain                     Necr           100%         0%          1
 Sandblast                Erth           100%         0%          1
 Shock                    Conj/Air       100%         0%          1
 Sting                    Tmut/Pois      100%         0%          1
 Corpse Rot               Necr/Air       N/A          0%          2
 Ensorcelled Hibernation  Hex/Ice        100%         0%          2
 Passwall                 Tmut/Erth      100%         0%          2
 Poisonous Vapours        Pois/Air       100%         0%          2
 Searing Ray              Conj           100%         0%          2
 Slow                     Hex            100%         0%          2
 Wereblood                Tmut           100%         0%          2
 Confusing Touch          Hex            100%         0%          3
 Conjure Flame            Conj/Fire      100%         0%          3
 Dazzling Flash           Conj/Hex       100%         0%          3
 Frozen Ramparts          Ice            100%         0%          3
 Ignite Poison            Fire/Tmut/Pois 100%         0%          3
 Inner Flame              Hex/Fire       100%         0%          3
 Mephitic Cloud           Conj/Pois/Air  100%         0%          3
 Spider Form              Tmut/Pois      63%          0%          3
 Static Discharge         Conj/Air       100%         0%          3
 Stone Arrow              Conj/Erth      100%         0%          3
 Tukima's Dance           Hex            100%         0%          3
 Vampiric Draining        Necr           89%          0%          3
 Airstrike                Air            76%          0%          4
 Animate Dead             Necr           89%          0%          4
 Cause Fear               Hex            62%          0%          4
 Fulminant Prism          Conj/Hex       60%          0%          4
 Hailstorm                Conj/Ice       100%         0%          4
 Ice Form                 Ice/Tmut       100%         0%          4
 Leda's Liquefaction      Hex/Erth       70%          0%          4
 Petrify                  Tmut/Erth      100%         0%          4
 Summon Lightning Spire   Summ/Air       100%         0%          4
 Agony                    Necr           100%         0%          5
 Blade Hands              Tmut           76%          0%          5
 Bolt of Magma            Conj/Fire/Erth 66%          0%          5
 Excruciating Wounds      Necr           89%          0%          5
 Irradiate                Conj/Tmut      68%          0%          5
 Lee's Rapid Deconstruct  Erth           76%          0%          5
 Lightning Bolt           Conj/Air       68%          0%          5
 Silence                  Hex/Air        70%          0%          5
 Yara's Violent Unravell  Hex/Tmut       70%          0%          5
 Death Channel            Necr           89%          0%          6
 Hydra Form               Tmut           76%          0%          6
 Simulacrum               Ice/Necr       83%          0%          6
 Statue Form              Tmut/Erth      100%         0%          6
 Dragon Form              Tmut           76%          0%          7
 Apportation              Tloc           100%         1%          1
 Summon Small Mammal      Summ           100%         1%          1
 Call Imp                 Summ           64%          1%          2
 Call Canine Familiar     Summ           64%          1%          3
 Gell's Gravitas          Tloc           32%          1%          3
 Lesser Beckoning         Tloc           32%          1%          3
 Portal Projectile        Hex/Tloc       100%         1%          3
 Summon Guardian Golem    Hex/Summ       100%         1%          3
 Teleport Other           Tloc           64%          1%          3
 Iskenderun's Mystic Bla  Conj/Tloc      96%          1%          4
 Olgreb's Toxic Radiance  Pois           86%          1%          4
 Sticky Flame             Conj/Fire      100%         1%          4
 Summon Ice Beast         Ice/Summ       100%         1%          4
 Alistair's Intoxication  Tmut/Pois      84%          1%          5
 Fireball                 Conj/Fire      59%          1%          5
 Iskenderun's Battlesphe  Conj           100%         1%          5
 Metabolic Englaciation   Hex/Ice        62%          1%          5
 Summon Mana Viper        Hex/Summ       100%         1%          5
 Conjure Ball Lightning   Conj/Air       68%          1%          6
 Eringya's Noxious Bog    Tmut/Pois      63%          1%          6
 Freezing Cloud           Conj/Ice/Air   66%          1%          6
 Invisibility             Hex            100%         1%          6
 Iron Shot                Conj/Erth      68%          1%          6
 Ozocubu's Refrigeration  Ice            62%          1%          6
 Starburst                Conj/Fire      59%          1%          6
 Haunt                    Necr/Summ      72%          1%          7
 Borgnjor's Revivificati  Necr           89%          1%          8
 Chain Lightning          Conj/Air       68%          1%          8
 Infestation              Necr           89%          1%          8
 Lehudib's Crystal Spear  Conj/Erth      68%          1%          8
 Orb of Destruction       Conj           59%          2%          7
 Passage of Golubria      Tloc           N/A          4%          4
 Discord                  Hex            62%          6%          8
 Summon Demon             Summ           32%          12%         5
 Summon Forest            Summ/Tloc      32%          12%         5
 Ignition                 Fire           60%          14%         8
 Spellforged Servitor     Conj/Summ      48%          28%         7
 Dispersal                Tloc           32%          54%         6
 Shadow Creatures         Summ           N/A          54%         6
 Absolute Zero            Ice            62%          65%         9
 Fire Storm               Conj/Fire      59%          93%         9
 Malign Gateway           Summ/Tloc      32%          98%         7
 Monstrous Menagerie      Summ           32%          98%         7
 Summon Greater Demon     Summ           32%          98%         7
 Summon Hydra             Summ           32%          98%         7
 Disjunction              Tloc           32%          100%        8
 Summon Horrible Things   Summ           32%          100%        8
 Dragon's Call            Summ           32%          100%        9
 Swiftness                Air            Unusable     N/A         2
 Blink                    Tloc           Unusable     N/A         2

Dungeon Overview and Level Annotations

Branches:
Dungeon (15/15)            Temple (1/1) D:4            Lair (6/6) D:9
  Swamp (4/4) Lair:4        Snake (4/4) Lair:3        Slime (5/5) Lair:6
    Orc (2/2) D:9             Elf (3/3) Orc:2        Vaults (5/5) D:14
  Crypt (3/3) Vaults:3       Tomb (3/3) Crypt:3      Depths (3/5) D:15
   Hell (visited)             Dis (7/7) Hell            Geh (7/7) Hell
    Coc (7/7) Hell            Tar (7/7) Hell        Volcano (visited)
 WizLab (visited)

Altars:
Ashenzari
Cheibriados
Dithmenos
Elyvilon
Fedhas
Gozag
Hepliaklqana
Kikubaaqudgha
Makhleb
Nemelex Xobeh
Okawaru
Qazlal
Ru
Sif Muna
Trog
Uskayaw
Vehumet
Wu Jian
Xom
Yredelemnul
Zin
The Shining One
Jiyva

Shops:
D:5 (   D:9 *   D:11 !::!:   Orc:2 (:[**   Snake:1 ==}   Snake:3 (*:?
Vaults:1 }   Vaults:2 [   Vaults:4 *!   Vaults:5 =

Portals:
Hell: Depths:1 Depths:2 Depths:3
Abyss: Swamp:2 Depths:1 Depths:2
Pandemonium: Depths:3
Ziggurat: Tomb:3

Annotations:
Pan Lom Lobon


Innate Abilities, Weirdness & Mutations

You cannot be hasted, slowed, berserked, paralysed or teleported.
You can dig through walls and to a lower floor.
Your four strong arms can wield two-handed weapons with a shield.
You have a pair of large antennae on your head. (SInv)
You have a beak for a mouth.
You have large cloven feet.
You are partially covered in large bone plates. (SH +4)
You possess an exceptional clarity of mind.
Your natural rate of healing is unusually fast.
You expend magic power (3 MP) to strengthen your wands.


Message History

You feel a surge of power!
The dungeon rumbles!
Lom Lobon is no longer distracted by gold.
Lom Lobon screams, "Quit whilst life thou hast!"
Lom Lobon is almost dead.
You kill the spriggan air mage!
The blizzard demon is moderately wounded.
The wind drake is moderately wounded.
You kill the wind drake!
You now have 56967 gold pieces (gained 14).
Magical energy flows into your mind! Lom Lobon gestures at you.
Lom Lobon conjures a mighty blast of ice!
The great icy blast engulfs you!!! You partially resist.
You are encased in ice.
The wind drake flaps its wings at you.
The air twists around and violently strikes you in flight!
You die...
Your body crumbles into a pile of gold.

#≈.≈$.≈..≈.#.≈≈........,,≈≈* *≈,,
#≈.≈.$≈$.≈#..≈..........,,≈***≈,,
#≈.≈..≈.$≈..≈≈..........,,≈≈**≈,,
#≈.≈..≈..≈.§§§§§§§.≈≈...,,,≈**≈,,
#≈.≈.$≈....§§§§§§§§§§≈..,,,≈***,,
#≈?≈.≈≈...#§§§§§§§§§§≈≈.,,,≈* *,,
#≈$≈≈≈....##§§§§§§§§§≈≈.,,,,* **,
#≈.≈≈..$...§§§§§§§§§§≈..,,,,* *,
#≈.........§§§§§L§§§§...,,,,* **
#......#...§§§§§§&§§§..$,,,,* **
##..$...#.#.§§§§§§§§§.k.,,,,* **,
#.#.........§§§§§§§§§.2.,,,,***,,
###.........§§§§§§§§§...,,,,,,,,,
#.....................,,,,,,,,$
##....................,,,,,,,,,
#................φ..#,,,,,,,,,
###.........####...#**,,,,,,,,


You could see Lom Lobon (gusty), a blizzard demon and a wind drake (repels
missiles).

Vanquished Creatures
  Asmodeus (Geh:7)
  Antaeus (Coc:7)
  Dissolution (Slime:4)
  the Royal Jelly (Slime:5)
  Gloorx Vloq (Pan)
  Ereshkigal (Tar:7)
  26 pandemonium lords
  Dispater (Dis:7)
  Mara (Depths:1)
  48 ancient liches
  12 orbs of fire
  The ghost of Becvyf the Sluggish Gnoll, a legendary GnFi of Cheibriados (Zig:11)
  Mennas (Crypt:1)
  4 juggernauts
  The ghost of Quickbrownfox the Conqueror, a legendary MiFi of Ashenzari (Zig:11)
  70 royal mummies
  The ghost of Rocke the Conqueror, a legendary GrFi of the Shining One (Zig:11)
  Frederick (Crypt:1)
  Margery (Crypt:2)
  A shard shrike (Coc:7)
  15 Killer Klowns
  5 curse toes
  14 caustic shrikes
  19 golden dragons
  The ghost of boysha the Impregnable, a veteran GrFi of Okawaru (Zig:11)
  The ghost of wjchen the Warrior, an adept MiFi of Okawaru (Elf:3)
  Nikola (Elf:2)
  Geryon (Hell)
  The ghost of Resec the Devastator, a veteran GrEE of Lugonu (Crypt:2)
  21 Brimstone Fiends
  10 profane servitors
  35 bone dragons
  3 iron giants (Dis:7)
  10 doom hounds
  31 Tzitzimimeh
  A shard shrike zombie (Crypt:1)
  18 hellephants
  38 tentacled monstrosities
  34 liches
  Rupert (Lair:6)
  Jorgrun (D:13)
  26 Hell Sentinels
  19 Ice Fiends
  7 deep elf blademasters
  16 deep elf master archers
  38 titans
  A quicksilver dragon (shapeshifter) (Zig:14)
  10 quicksilver dragons
  66 acid blobs
  Murray (Hell)
  19 Executioners
  Frances (D:13)
  A sphinx (shapeshifter) (Zig:18)
  An eldritch tentacle (Zig:24)
  49 ancient champions
  24 sphinxes
  Kirke (Swamp:3)
  12 tentacled starspawn
  Roxanne (Snake:1)
  18 shadow dragons
  41 revenants
  43 azure jellies
  7 tengu reavers
  12 frost giants
  Agnes (Snake:1)
  18 blood saints
  28 fire giants
  8 draconian monks
  11 storm dragons
  133 nagarajas
  10 iron dragons
  15 cacodemons
  3 fenstrider witches (Swamp:4)
  3 daevas
  2 azure jellies (shapeshifter) (Zig:24)
  11 draconian scorchers
  11 draconian knights
  5 deep elf sorcerers
  A frost giant (shapeshifter) (Zig:24)
  38 balrugs
  9 draconian shifters
  29 vault wardens
  4 caustic shrike zombies
  Louise (Swamp:2)
  31 emperor scorpions
  Aizul (Snake:1)
  12 warmongers
  An emperor scorpion (shapeshifter) (Vaults:5)
  11 ghouls
  25 orc warlords
  62 ghost moths
  An angel (Abyss:4)
  4 deep elf elementalists
  3 juggernaut zombies
  88 reapers
  45 curse skulls
  5 caustic shrike skeletons
  20 ironheart preservers
  14 war gargoyles
  13 draconian annihilators
  3 juggernaut skeletons (Zig:14)
  37 stone giants
  24 very ugly things
  16 draconian stormcallers
  An apis (Zig:1)
  The ghost of Amet the Severer, a journeyman MiBe of Trog (Swamp:1)
  8 green draconians
  3 elemental wellsprings (Coc:7)
  10 corrupters
  16 deep elf demonologists
  16 bennus
  8 purple draconians
  An ophan (Abyss:4)
  40 entropy weavers
  13 bunyips
  8 white draconians
  12 lorocyprocas
  38 vampire knights
  17 deep elf annihilators
  9 black draconians
  17 black suns
  18 spark wasps
  7 red draconians
  A bunyip (shapeshifter) (Vaults:5)
  7 dire elephants
  12 yellow draconians
  Azrael (D:14)
  20 eleionomae
  3 orange crystal statues
  An eleionoma (shapeshifter) (Zig:14)
  Snorg (D:14)
  30 deep elf death magi
  37 blizzard demons
  50 eidola
  14 ettins
  21 green deaths
  19 jiangshi
  Josephine (Lair:4)
  21 fire dragons
  17 death oozes
  A quicksilver dragon zombie (Tar:7)
  7 shambling mangroves
  The ghost of keat06 the Fighter, a journeyman MiBe of Trog (D:10)
  51 mummy priests
  29 yaktaur captains
  51 merfolk javelineers
  11 merfolk impalers
  13 deep elf high priests
  A kraken zombie (Hell)
  28 great orbs of eyes
  17 ice dragons
  44 hydras
  3 quicksilver dragon skeletons
  3 monstrous demonspawn
  16 rakshasas
  43 naga warriors
  11 boulder beetles
  4 spriggan air magi
  A juggernaut simulacrum (Pan)
  34 vault guards
  An alligator snapping turtle (shapeshifter) (Zig:24)
  16 hell beasts
  5 merfolk avatars
  15 ghost crabs
  20 centaur warriors
  An alligator (shapeshifter) (Zig:14)
  24 anacondas
  55 two-headed ogres
  17 alligators
  23 ogre magi
  7 death knights
  4 tengu warriors
  6 catoblepae
  9 alligator snapping turtles
  2 queen ants (shapeshifter)
  10 satyrs
  A two-headed ogre (shapeshifter) (Zig:20)
  5 deep troll shamans
  26 merfolk aquamancers
  4 spriggan berserkers (Depths:3)
  8 deep troll earth magi
  46 vampire magi
  142 death scarabs
  A satyr (shapeshifter) (Vaults:5)
  7 hell hogs
  28 thrashing horrors
  24 orc high priests
  11 death yaks
  2 shock serpents (shapeshifter)
  37 shock serpents
  9 iron golems
  8 titan zombies
  39 soul eaters
  31 sun demons
  47 naga sharpshooters
  15 hell knights
  5 titan skeletons
  35 deep elf knights
  7 fire crabs
  5 storm dragon zombies
  56 skeletal warriors
  14 sixfirhies
  An iron troll (shapeshifter) (Zig:24)
  14 wretched stars
  2 storm dragon skeletons
  4 spatial maelstroms
  2 ghost moth zombies
  4 goliath frogs
  22 iron trolls
  22 spriggan druids
  3 spark wasp zombies
  11 salamander mystics
  44 shadow wraiths
  A torturous demonspawn (Depths:3)
  9 wizards
  36 flayed ghosts
  19 unseen horrors
  A death drake (shapeshifter) (Vaults:4)
  3 golden dragon zombies
  16 sea snakes
  2 deep trolls (shapeshifter)
  4 cherubim
  An infernal demonspawn (Pan)
  16 deep trolls
  2 anaconda zombies
  24 deep elf archers
  7 glowing orange brains
  20 naga ritualists
  A gelid demonspawn (Pan)
  A swamp dragon (shapeshifter) (Zig:23)
  3 anaconda skeletons
  3 lindwurms (shapeshifter)
  26 shadow demons
  5 obsidian statues
  30 phantasmal warriors
  10 bog bodies
  9 necromancers
  24 swamp dragons
  A harpy (shapeshifter) (Elf:3)
  23 orc knights
  32 ironbrand convokers
  5 lindwurms
  2 shadow dragon zombies
  6 golden dragon skeletons
  3 shadow dragon skeletons
  3 wolf spider zombies (Tar:7)
  Pikel (D:5)
  2 stone giant zombies
  3 sphinx zombies
  3 iron dragon zombies
  61 wolf spiders
  16 harpies
  39 ugly things
  An orb spider (shapeshifter) (Depths:1)
  15 fauns
  109 deep elf magi
  20 orc sorcerers
  22 mana vipers
  A glowing shapeshifter (Zig:20)
  An oklob plant (Zig:25)
  4 worldbinders
  62 orb spiders
  23 manticores
  7 tengu skeletons
  2 wolf spiders (shapeshifter)
  17 shining eyes
  13 will-o-the-wisps
  4 fire giant skeletons
  A fire giant zombie (Zig:12)
  21 elephants
  14 cyclopes
  2 sphinx skeletons
  4 frost giant zombies
  36 guardian serpents
  25 salamanders
  40 starcursed masses
  A black mamba (shapeshifter) (Depths:2)
  94 black mambas
  3 elephants (shapeshifter)
  34 moths of wrath
  3 centaur zombies
  5 frost giant skeletons
  3 iron dragon skeletons (Zig:26)
  2 cyclopes (shapeshifter)
  11 apocalypse crabs
  10 ice statues
  11 merfolk sirens
  3 shock serpent zombies
  3 dire elephant zombies
  A guardian serpent (shapeshifter) (D:9)
  11 elf zombies
  6 molten gargoyles
  2 water nymphs (shapeshifter)
  27 water nymphs
  13 eyes of devastation
  19 torpor snails
  25 vault sentinels
  2 eyes of devastation (shapeshifter)
  18 rust devils
  31 smoke demons
  4 stone giant skeletons
  62 naga magi
  3 cane toads (shapeshifter)
  24 cane toads
  11 orange demons
  2 gargoyles
  A torpor snail (shapeshifter) (Vaults:1)
  An elephant slug zombie (Crypt:2)
  A storm dragon simulacrum (Zig:14)
  4 kobold demonologists
  A yaktaur (shapeshifter) (Vaults:3)
  32 hellions
  11 rime drakes
  23 ice devils
  3 dire elephant skeletons
  4 death yak zombies
  18 komodo dragons
  28 freezing wraiths
  2 catoblepas zombies
  11 efreet
  13 hellwings
  7 hydra zombies
  38 tormentors
  126 guardian mummies
  91 yaktaurs
  A queen bee (Abyss:5)
  7 elf skeletons
  50 demonic crawlers
  A white draconian skeleton (Crypt:3)
  A death yak skeleton (Lair:4)
  3 tengu conjurers
  A catoblepas skeleton (Crypt:3)
  A jumping spider (shapeshifter) (Elf:3)
  A wolf spider simulacrum (Abyss:5)
  3 silent spectres
  13 trolls
  19 ancient zymes
  A meliai (shapeshifter) (Zig:8)
  4 meliai (Abyss:5)
  15 red devils
  21 wind drakes
  6 bloated husks
  51 hornets
  A polar bear (shapeshifter) (Zig:24)
  A troll (shapeshifter) (Vaults:1)
  45 jumping spiders
  A harpy skeleton (Crypt:3)
  140 slime creatures
  A hornet (shapeshifter) (Vaults:4)
  14 tyrant leeches
  A merfolk (shapeshifter) (Zig:23)
  67 merfolk
  A tyrant leech (shapeshifter) (Zig:18)
  4 polar bears
  A slime creature (shapeshifter) (Zig:23)
  10 snapping turtles
  4 spriggan zombies
  18 raiju
  A guardian serpent zombie (Crypt:2)
  7 hydra skeletons
  An iron dragon simulacrum (Crypt:3)
  17 blink frogs
  4 ice dragon zombies
  2 alligator zombies
  53 large abominations
  Grinder (D:2)
  10 dream sheep
  2 meliai zombies
  2 frost giant simulacra
  A fire dragon skeleton (Tar:7)
  A deep troll skeleton (Depths:1)
  A fire giant simulacrum (Crypt:1)
  78 flying skulls
  45 tarantellas
  A guardian serpent skeleton (Crypt:2)
  2 black mamba zombies
  48 redbacks
  3 ice dragon skeletons
  21 shadows
  17 wyverns
  8 air elementals
  A black mamba skeleton (Lair:4)
  A hog (shapeshifter) (Vaults:1)
  7 fire bats
  2 tarantellas (shapeshifter)
  5 vampires (Crypt:3)
  26 wraiths
  26 fire elementals
  16 spriggans
  32 ushabtiu
  19 ynoxinuls
  An orc simulacrum (Vaults:1)
  Eustachio (D:6)
  6 basilisks
  35 golden eyes
  10 humans (D:14)
  27 water elementals
  65 yaks
  4 hogs (Swamp:3)
  A golden eye (shapeshifter) (Zig:24)
  21 chaos spawn
  A fire bat (shapeshifter) (Zig:14)
  4 steam dragons
  7 spatial vortices
  4 vampire mosquitoes
  14 neqoxecs
  3 wargs
  2 swamp worms (shapeshifter)
  52 nagas
  A merfolk zombie (Dis:7)
  19 swamp worms
  A soldier ant (D:12)
  A soldier ant (shapeshifter) (Zig:6)
  2 acid dragons
  Duvessa (D:5)
  5 cane toad zombies
  3 floating eyes
  24 hell hounds
  38 water moccasins
  A human zombie (Vaults:2)
  A merfolk skeleton (Crypt:1)
  A hydra simulacrum (Hell)
  A swamp drake (Swamp:2)
  6 ice beasts
  An elephant zombie (Crypt:2)
  5 cane toad skeletons
  22 eyes of draining
  A gelid demonspawn skeleton (Crypt:1)
  62 orc warriors
  A blink frog zombie (Lair:2)
  2 eyes of draining (shapeshifter)
  3 sky beasts
  2 snapping turtle zombies
  8 black bears
  2 dream sheep zombies
  3 black bears (shapeshifter)
  2 phantoms
  An alligator simulacrum (Abyss:2)
  49 ogres
  4 boggarts (Vaults:1)
  21 necrophages
  10 wolves
  A boggart (shapeshifter) (Zig:18)
  A rime drake zombie (Lair:4)
  A swamp dragon skeleton (Crypt:3)
  2 snapping turtle skeletons
  27 centaurs
  A manticore skeleton (Pan)
  A dream sheep skeleton (Crypt:3)
  A lemure (D:5)
  3 torpor snail zombies
  29 small abominations
  7 big kobolds
  2 komodo dragon zombies
  A bullfrog (shapeshifter) (Zig:24)
  22 bullfrogs
  A water moccasin zombie (Lair:3)
  12 earth elementals
  3 cane toad simulacra
  A komodo dragon skeleton (D:14)
  A palentonga skeleton (Crypt:3)
  Dowan (D:5)
  A water moccasin skeleton (D:12)
  A cyclops skeleton (D:14)
  A killer bee (shapeshifter) (Zig:24)
  4 scorpions
  A yak zombie (Lair:4)
  2 elf simulacra
  3 killer bees (D:7)
  22 wights
  A howler monkey (shapeshifter) (Vaults:5)
  7 spriggan skeletons
  A yak skeleton (Lair:5)
  An electric eel (Lair:1)
  A wolf zombie (Lair:4)
  2 lava snakes (D:8)
  4 howler monkeys
  9 crimson imps
  A jelly (D:10)
  5 quasits
  Crazy Yiuf (D:5)
  25 orc priests
  6 hounds
  A jelly (shapeshifter) (Zig:14)
  A gnoll shaman (D:9)
  3 bullfrog zombies
  A human skeleton (D:14)
  A basilisk skeleton (Crypt:2)
  6 bullfrog skeletons
  5 iguanas
  16 iron imps
  5 centaur skeletons
  30 orc wizards
  6 worker ants
  8 lightning spires
  A sky beast zombie (Crypt:3)
  4 tengu zombies
  2 ogre skeletons
  An ogre zombie (Orc:2)
  A hound skeleton (D:4)
  135 mummies
  2 worker ant zombies (D:9)
  17 adders
  7 gnolls
  A howler monkey skeleton (D:11)
  5 orc skeletons
  9 shadow imps
  9 white imps
  An ufetubus (D:6)
  An iguana zombie (Crypt:1)
  2 adder skeletons
  An adder zombie (D:7)
  2 worms
  3 dart slugs
  A worm (shapeshifter) (Vaults:3)
  A leopard gecko (shapeshifter) (Zig:24)
  6 leopard geckos
  86 orcs
  A bat zombie (Crypt:2)
  8 giant cockroaches
  5 goblins
  10 hobgoblins
  7 jackals
  24 kobolds
  6 quokkas
  5 bats
  5 frilled lizards
  A kobold skeleton (D:14)
  A leopard gecko skeleton (Crypt:2)
  A leopard gecko zombie (D:6)
  A quokka skeleton (D:6)
  A quokka zombie (D:8)
  12 rats
  A river rat skeleton (Crypt:3)
  A spectral orc (D:8)
  4 ball lightnings (Pan)
  2 bushes (Abyss:2)
  15 fire vortices
  2 lurking horrors
  9 starspawn tentacles
  A tentacle (Hell)
7460 creatures vanquished.

Vanquished Creatures (others)
  A Killer Klown (Zig:24)
  A tentacled monstrosity (Zig:27)
  An eldritch tentacle (Zig:24)
  A fire giant (Zig:15)
  A ghost moth (Zig:22)
  2 emperor scorpions
  A reaper (Swamp:4)
  A draconian annihilator (Pan)
  An elemental wellspring (Coc:7)
  A spark wasp (Zig:24)
  A merfolk javelineer (Zig:24)
  A merfolk aquamancer (Zig:24)
  41 dancing weapons
  A soul eater (Zig:23)
  An unseen horror (D:14)
  2 deep elf magi (Elf:2)
  A black mamba (Lair:6)
  A moth of wrath (Zig:24)
  A hellwing (Pan)
  A merfolk (Zig:24)
  A wind drake (Pan)
  An ice dragon skeleton (Geh:7)
  A flying skull (Coc:7)
  A tarantella (Zig:24)
  A spriggan (Zig:24)
  A fire elemental (Elf:3)
  A floating eye (shapeshifter) (Zig:24)
  2 nagas
  A centaur (Zig:21)
  2 orcs (Vaults:5)
  An orc zombie (Geh:7)
  39 foxfires
  85 fungi
  A lurking horror (Abyss:4)
  156 plants
  13 starspawn tentacles
  3 tentacles (Hell)
372 creatures vanquished.

Grand Total: 7832 creatures vanquished

Notes
Turn   | Place    | Note
-------+----------+-------------------------------------------
     0 | D:1      | DildoBatman the Formicid Conjurer began the quest for the
                  | Orb.
     0 | D:1      | Reached XP level 1. HP: 13/13 MP: 3/3
   194 | D:1      | Reached XP level 2. HP: 19/19 MP: 5/5
   197 | D:1      | Learned a level 2 spell: Searing Ray
  1028 | D:2      | Reached XP level 3. HP: 24/24 MP: 6/6
  1494 | D:2      | Reached skill level 5 in Conjurations
  1494 | D:2      | Reached XP level 4. HP: 17/30 MP: 0/7
  1649 | D:3      | Reached XP level 5. HP: 19/35 MP: 8/8
  1730 | D:3      | Noticed Grinder
  1738 | D:3      | Found a glowing silver altar of Zin.
  2180 | D:4      | Found a staircase to the Ecumenical Temple.
  2189 | Temple   | Entered the Ecumenical Temple
  2258 | Temple   | Became a worshipper of Kikubaaqudgha
  2428 | D:4      | Reached skill level 1 in Fighting
  2428 | D:4      | Reached skill level 1 in Armour
  2428 | D:4      | Reached XP level 6. HP: 36/43 MP: 9/9
  2967 | D:5      | Entered Level 5 of the Dungeon
  3047 | D:5      | Found a runed translucent door.
  3048 | D:5      | Noticed Crazy Yiuf
  3134 | D:5      | Found Areine's Antique Weapon Shoppe.
  3138 | D:5      | Reached XP level 7. HP: 30/50 MP: 13/13
  3141 | D:5      | Noticed Duvessa
  3142 | D:5      | Noticed Pikel
  3171 | D:5      | Killed Duvessa
  3250 | D:5      | Noticed Dowan
  3300 | D:5      | Killed Pikel
  3301 | D:5      | Reached skill level 1 in Necromancy
  3301 | D:5      | Reached XP level 8. HP: 36/56 MP: 11/18
  3345 | D:5      | Noticed a moth of wrath
  3357 | D:5      | Killed Dowan
  3462 | D:5      | Reached * piety under Kikubaaqudgha
  3462 | D:5      | Identified Kikubaaqudgha's Guide on Darkness (Kikubaaqudgha
                  | gifted it to you on level 5 of the Dungeon)
  3462 | D:5      | Received a gift from Kikubaaqudgha
  3467 | D:5      | Learned a level 2 spell: Sublimation of Blood
  3471 | D:5      | Learned a level 3 spell: Vampiric Draining
  3914 | D:5      | Reached skill level 5 in Necromancy
  3914 | D:5      | Reached XP level 9. HP: 61/61 MP: 19/19
  4242 | D:5      | Found a bloodstained altar of Trog.
  4398 | D:5      | Killed Crazy Yiuf
  4496 | D:6      | Learned a level 3 spell: Conjure Flame
  4541 | D:6      | Found a blossoming altar of Fedhas.
  4542 | D:6      | Found a sacrificial altar of Ru.
  4573 | D:6      | Reached skill level 1 in Fire Magic
  4747 | D:6      | Found a stormy altar of Qazlal.
  4748 | D:6      | Noticed Eustachio
  4774 | D:6      | Killed Eustachio
  4844 | D:6      | Reached XP level 10. HP: 67/67 MP: 17/20
  4926 | D:6      | Found a shimmering altar of Xom.
  5042 | D:6      | Reached ** piety under Kikubaaqudgha
  5141 | D:6      | Found an iron altar of Okawaru.
  5511 | D:7      | Reached skill level 5 in Fire Magic
  6167 | D:8      | Noticed a two-headed ogre
  6214 | D:8      | Killed a two-headed ogre
  6326 | D:8      | Reached skill level 5 in Fighting
  6326 | D:8      | Reached skill level 5 in Armour
  6588 | D:8      | Reached *** piety under Kikubaaqudgha
  6588 | D:8      | Identified Kikubaaqudgha's Disquisition on Sinister Magic
                  | (Kikubaaqudgha gifted it to you on level 8 of the Dungeon)
  6588 | D:8      | Received a gift from Kikubaaqudgha
  6601 | D:8      | Reached XP level 11. HP: 59/81 MP: 7/21
  6855 | D:8      | Found a basalt altar of Yredelemnul.
  6922 | D:8      | Learned a level 4 spell: Dispel Undead
  7020 | D:9      | Found an ornate altar of the Wu Jian Council.
  7039 | D:9      | Found Abron's Lightly-Used Armoury.
  7072 | D:9      | Found a staircase to the Orcish Mines.
  7288 | D:9      | Found a shimmering blue altar of Sif Muna.
  7600 | D:9      | Found a staircase to the Lair.
  7718 | D:9      | Found a hazy altar of Hepliaklqana.
  7756 | D:9      | Reached **** piety under Kikubaaqudgha
  7885 | D:9      | Found a runed translucent door.
  7885 | D:9      | Noticed a white ugly thing
  7956 | D:9      | Gained mutation: You have an increased reservoir of magic.
                  | (+10% MP) [potion of mutation]
  7956 | D:9      | Gained mutation: You are covered in fur. (AC +1) [potion of
                  | mutation]
  7984 | D:10     | Entered Level 10 of the Dungeon
  8116 | D:10     | Found an opulent altar of Gozag.
  8291 | D:10     | Reached skill level 5 in Dodging
  8665 | D:10     | Found a portal to a secret trove of treasure.
  8841 | D:10     | Found a runed translucent gate.
  8844 | D:10     | Found a runed translucent gate.
  8845 | D:10     | Found a runed translucent gate.
  8846 | D:10     | Noticed keat06's ghost (journeyman MiBe)
  8931 | Orc:1    | Entered Level 1 of the Orcish Mines
  9027 | Orc:1    | Found a dark tunnel.
  9165 | Volcano  | Entered a volcano
  9243 | Volcano  | Noticed an ogre mage
  9275 | Volcano  | Killed an ogre mage
  9276 | Volcano  | Reached XP level 12. HP: 87/94 MP: 17/24
  9295 | Volcano  | Found a burning altar of Makhleb.
  9321 | Volcano  | Noticed a two-headed ogre
  9335 | Volcano  | Killed a two-headed ogre
  9366 | Volcano  | Noticed a two-headed ogre
  9390 | Volcano  | Killed a two-headed ogre
  9404 | Volcano  | Noticed a two-headed ogre
  9412 | Volcano  | Noticed a two-headed ogre
  9416 | Volcano  | Noticed a red draconian
  9421 | Volcano  | Noticed a two-headed ogre
  9422 | Volcano  | Killed a two-headed ogre
  9423 | Volcano  | Killed a two-headed ogre
  9433 | Volcano  | Killed a two-headed ogre
  9437 | Volcano  | Killed a red draconian
  9456 | Volcano  | Noticed a two-headed ogre
  9493 | Volcano  | Killed a two-headed ogre
 10197 | Orc:2    | Entered Level 2 of the Orcish Mines
 10197 | Orc:2    | Found Tur Vuev's General Store.
 10278 | Orc:2    | Reached skill level 10 in Armour
 10470 | Orc:2    | Reached skill level 10 in Fighting
 10680 | Orc:2    | Reached ***** piety under Kikubaaqudgha
 10824 | Orc:2    | Reached skill level 10 in Necromancy
 10837 | Orc:2    | Noticed an orc high priest
 10915 | Orc:2    | Killed an orc high priest
 10916 | Orc:2    | Reached XP level 13. HP: 79/103 MP: 25/25
 11051 | Orc:2    | Noticed an orc warlord
 11574 | D:11     | Found a shimmering altar of Xom.
 11907 | D:11     | Found Jaxith's Book Boutique.
 11941 | D:11     | Found Joeppis's Book Shoppe.
 11978 | D:11     | Found Ytiler's Distillery.
 11980 | D:11     | Found Pageuthra's Book Emporium.
 12041 | D:11     | Bought a potion of degeneration for 12 gold pieces
 12047 | D:11     | Found Qisaif's Distillery.
 12055 | D:11     | Bought a potion of mutation for 112 gold pieces
 12838 | D:12     | Reached skill level 1 in Shields
 12841 | D:12     | Noticed a four-headed hydra
 12841 | D:12     | Noticed a storm dragon
 12859 | D:12     | Killed a four-headed hydra
 13068 | D:12     | Reached skill level 5 in Shields
 13166 | D:12     | Killed a storm dragon
 13836 | D:12     | Noticed an eight-headed hydra
 13846 | D:12     | Killed an eight-headed hydra
 13847 | D:12     | Reached XP level 14. HP: 93/110 MP: 25/28
 14080 | D:13     | Noticed Jorgrun
 14206 | D:13     | Reached skill level 10 in Shields
 14352 | D:13     | Noticed Frances
 14601 | D:13     | Reached ****** piety under Kikubaaqudgha
 15401 | D:14     | Noticed Azrael
 15530 | D:14     | Learned a level 6 spell: Statue Form
 15536 | D:14     | Learned a level 5 spell: Bolt of Magma
 15647 | D:14     | Received a gift from Kikubaaqudgha
 15649 | D:14     | Fell from the grace of Kikubaaqudgha
 15718 | D:14     | Noticed Snorg
 16355 | D:13     | HP: 1/110 [boulder beetle (23)]
 16783 | D:14     | Killed Azrael
 17214 | D:14     | Killed Snorg
 17344 | D:10     | Became a worshipper of Gozag Ym Sagoz the Greedy
 17399 | D:9      | Lost mutation: You are covered in fur. (AC +1) [potion of
                  | mutation]
 17399 | D:9      | Lost mutation: You have an increased reservoir of magic.
                  | (+10% MP) [potion of mutation]
 17399 | D:9      | Gained mutation: Your muscles are strong. (Str +2) [potion
                  | of mutation]
 17399 | D:9      | Gained mutation: Your flesh is heat resistant. (rF+)
                  | [potion of mutation]
 17563 | D:2      | Killed Grinder
 17803 | D:10     | Killed keat06's ghost
 17930 | Orc:2    | Killed an orc warlord
 18595 | Orc:2    | Found a staircase to the Elven Halls.
 18863 | Orc:2    | Reached XP level 15. HP: 115/115 MP: 18/26
 18912 | Orc:2    | Found Duseloall's Antique Armour Shop.
 18912 | Orc:2    | Found Paxuonie's Antique Weapon Boutique.
 18914 | Orc:2    | Found Ycku's General Store.
 18914 | Orc:2    | Found Macib's Book Shop.
 18919 | Orc:2    | Bought a scroll of immolation for 56 gold pieces
 18919 | Orc:2    | Bought a potion of ambrosia for 128 gold pieces
 19214 | Orc:2    | Bought a pair of brightly glowing boots for 351 gold pieces
 19225 | Orc:2    | Identified the +4 pair of boots "Ruuduguam" {rPois Int+2
                  | Dex+3} (You bought it in a shop on level 2 of the Orcish
                  | Mines)
 19305 | Lair:1   | Entered Level 1 of the Lair of Beasts
 19529 | Lair:1   | Reached skill level 15 in Shields
 21419 | Lair:3   | Reached skill level 1 in Earth Magic
 21714 | Lair:3   | Reached skill level 10 in Spellcasting
 22242 | Lair:3   | Found a staircase to the Snake Pit.
 22651 | Lair:4   | Reached skill level 5 in Earth Magic
 23102 | Lair:4   | Noticed Josephine
 23166 | Lair:4   | Killed Josephine
 23429 | Lair:4   | Found a staircase to the Swamp.
 23790 | Lair:4   | Learned a level 3 spell: Mephitic Cloud
 24052 | Lair:5   | Reached skill level 1 in Poison Magic
 24069 | Lair:5   | Reached skill level 1 in Air Magic
 24331 | Lair:5   | Reached XP level 16. HP: 71/122 MP: 30/30
 24493 | Lair:5   | Was forgiven by Kikubaaqudgha
 25609 | Lair:6   | Entered Level 6 of the Lair of Beasts
 25618 | Lair:6   | Reached skill level 10 in Earth Magic
 25626 | Lair:6   | Found a viscous altar of Jiyva.
 25627 | Lair:6   | Found a staircase to the Slime Pits.
 26465 | Lair:6   | Noticed Rupert
 26487 | Lair:6   | Killed Rupert
 27023 | Lair:6   | Reached skill level 5 in Air Magic
 27370 | Lair:6   | Reached skill level 1 in Transmutations
 27757 | D:13     | Killed Frances
 27869 | D:14     | Found a basalt altar of Yredelemnul.
 27983 | D:14     | Found a gate to the Vaults.
 28084 | D:15     | Entered Level 15 of the Dungeon
 28981 | D:15     | Found a staircase to the Depths.
 29378 | Snake:1  | Entered Level 1 of the Snake Pit
 29646 | D:11     | Bought a book of Unlife for 975 gold pieces
 29652 | D:11     | Learned a level 5 spell: Borgnjor's Vile Clutch
 29897 | Snake:1  | Reached skill level 5 in Transmutations
 29897 | Snake:1  | Reached XP level 17. HP: 126/128 MP: 12/31
 30036 | Snake:1  | Noticed Aizul
 30053 | Snake:1  | Killed Aizul
 30080 | Snake:1  | Noticed Roxanne
 30135 | Snake:1  | Killed Roxanne
 30346 | Snake:1  | Found Vimnejimi's Gadget Emporium.
 30346 | Snake:1  | Found Xirghylamp's Jewellery Shop.
 30347 | Snake:1  | Found Vien's Jewellery Shop.
 30565 | Snake:1  | Noticed Agnes
 30571 | Snake:1  | Killed Agnes
 30954 | D:5      | Bought a crystal hand axe for 216 gold pieces
 30954 | D:5      | Bought an encrusted whip for 202 gold pieces
 30954 | D:5      | Bought a polished dagger for 189 gold pieces
 30955 | D:5      | Identified the +1 hand axe of Division {speed, rElec rN+
                  | Int+5} (You bought it in a shop on level 5 of the Dungeon)
 30956 | D:5      | Identified the cursed +0 whip of the Pyrrhic Victory
                  | {vorpal, Int+4 Dex+3} (You bought it in a shop on level 5
                  | of the Dungeon)
 30958 | D:5      | Identified the +9 dagger "Kotuag" {vorpal, rC+} (You bought
                  | it in a shop on level 5 of the Dungeon)
 31082 | D:11     | Bought a potion of curing for 36 gold pieces
 31082 | D:11     | Bought a potion of brilliance for 48 gold pieces
 31082 | D:11     | Bought a potion of curing for 36 gold pieces
 31082 | D:11     | Bought a potion of heal wounds for 60 gold pieces
 31082 | D:11     | Bought a potion of invisibility for 96 gold pieces
 31082 | D:11     | Bought a potion of curing for 36 gold pieces
 31082 | D:11     | Bought a potion of brilliance for 48 gold pieces
 31092 | D:11     | Bought a potion of invisibility for 112 gold pieces
 31092 | D:11     | Bought a potion of resistance for 140 gold pieces
 31092 | D:11     | Bought a potion of curing for 42 gold pieces
 31092 | D:11     | Bought a potion of brilliance for 56 gold pieces
 31092 | D:11     | Bought a potion of curing for 42 gold pieces
 31092 | D:11     | Bought a potion of heal wounds for 70 gold pieces
 31092 | D:11     | Bought 2 potions of cancellation for 224 gold pieces
 31191 | Orc:2    | Bought a translucent flail for 229 gold pieces
 31200 | Orc:2    | Identified the cursed +3 flail "Pendulum" {flame, rElec rF+
                  | rN++ Dex-4} (You bought it in a shop on level 2 of the
                  | Orcish Mines)
 31426 | Snake:1  | Bought an uncursed amulet of magic regeneration for 390
                  | gold pieces
 31426 | Snake:1  | Bought the ring "Ucro" {rElec Str+6 Int+4 Dex+6} for 1215
                  | gold pieces
 31820 | Snake:2  | Found a bloodstained altar of Trog.
 31830 | Snake:2  | You fall into a shaft and drop 1 floor!
 32154 | Snake:3  | Reached skill level 15 in Earth Magic
 32295 | Snake:3  | Found Fiecw's Weapon Boutique.
 32298 | Snake:3  | Found Nuoteps's Book Shop.
 32298 | Snake:3  | Found Quashudi's Assorted Antiques.
 32367 | Snake:3  | Found Fuutin's Magic Scroll Shop.
 32375 | Snake:3  | Bought a scroll labelled VEUGOD PIADITH for 26 gold pieces
 32375 | Snake:3  | Bought a scroll labelled BAMPYNOUTE for 26 gold pieces
 32375 | Snake:3  | Bought a scroll of identify for 52 gold pieces
 32378 | Snake:3  | Bought a scroll of fog for 30 gold pieces
 32378 | Snake:3  | Bought a scroll of identify for 30 gold pieces
 32988 | Snake:4  | Entered Level 4 of the Snake Pit
 33348 | Snake:4  | Reached XP level 18. HP: 84/134 MP: 10/32
 34655 | Snake:4  | Reached XP level 19. HP: 127/140 MP: 6/33
 34751 | Snake:4  | Got a serpentine rune of Zot
 35245 | D:13     | Killed Jorgrun
 35372 | D:9      | Bought -3 pearl dragon scales for 1275 gold pieces
 35429 | D:10     | You paid a toll of -3 pearl dragon scales to enter a
                  | treasure trove
 35430 | Trove    | Entered a treasure trove
 35445 | Trove    | Got a transparent war axe
 35451 | Trove    | Found the +9 staff of Wucad Mu {*channel}
 35460 | Trove    | Got an ichor-stained flail
 35472 | Trove    | Got an ebony quarterstaff
 35475 | Trove    | Got a smoking longbow
 35485 | Trove    | Got an iridescent morningstar
 35488 | Trove    | Got a pitted longbow
 35534 | D:10     | Identified the +8 war axe of Cocytus {vorpal, Stlth+} (You
                  | found it in a treasure trove)
 35537 | D:10     | Identified the cursed +3 flail of Dor Xut {speed, rPois
                  | rC+} (You found it in a treasure trove)
 35541 | D:10     | Identified the +8 quarterstaff "Amamucs" {drain, rPois rF-
                  | MP+9 Stlth+} (You found it in a treasure trove)
 35544 | D:10     | Identified the +8 longbow of the Viper {speed, *Contam rC+
                  | rN+ SInv} (You found it in a treasure trove)
 35548 | D:10     | Identified the +11 morningstar of the Radish {flame,
                  | Fragile rN+ Str+5 Int-4} (You found it in a treasure trove)
 35550 | D:10     | Identified the cursed +3 longbow "Amoupit" {venom, rElec
                  | rPois} (You found it in a treasure trove)
 35604 | D:10     | Identified 2 scrolls of acquirement
 35747 | Swamp:1  | Entered Level 1 of the Swamp
 35982 | Swamp:1  | Reached skill level 15 in Necromancy
 36563 | Swamp:2  | Noticed Amet's ghost (journeyman MiBe)
 36689 | Swamp:2  | Found a transporter.
 36716 | Swamp:2  | Identified the cursed +2 trident "String" {distort, rN+}
 36808 | Swamp:2  | Found a transporter.
 37124 | Swamp:3  | Noticed Kirke
 37170 | Swamp:2  | Noticed Louise
 37201 | Swamp:2  | Killed Louise
 37498 | Swamp:3  | Got a slimy hand crossbow
 37768 | Swamp:3  | Killed Kirke
 38124 | Swamp:4  | Entered Level 4 of the Swamp
 39024 | Swamp:4  | Reached XP level 20. HP: 147/147 MP: 26/34
 39441 | Swamp:4  | Got a decaying rune of Zot
 39790 | Swamp:2  | Found a one-way gate to the infinite horrors of the Abyss.
 39943 | Swamp:1  | Killed Amet's ghost
 40262 | Swamp:2  | Got an ancient steel amulet
 40463 | D:9      | Identified the +10 hand crossbow of the Shoals {elec, rPois
                  | Str+4 Dex+4} (You found it on level 3 of the Swamp)
 40485 | D:9      | Identified the amulet of the Original Sin {rPois rF- Regen+
                  | Int+2 Dex+3} (You found it on level 2 of the Swamp)
 40641 | Vaults:1 | Entered Level 1 of the Vaults
 40662 | Vaults:1 | Reached skill level 1 in Bows
 40749 | Vaults:1 | Found Famm's Gadget Boutique.
 41379 | Vaults:1 | Reached skill level 5 in Bows
 41405 | Vaults:1 | Reached skill level 1 in Crossbows
 41405 | Vaults:1 | Reached XP level 21. HP: 64/153 MP: 21/35
 41977 | Vaults:1 | Reached skill level 5 in Crossbows
 42681 | Vaults:2 | Reached skill level 10 in Transmutations
 42827 | Vaults:2 | Found Yquuthec's Armour Shop.
 43900 | Vaults:3 | Reached XP level 22. HP: 159/159 MP: 27/36
 44568 | Vaults:3 | Found a staircase to the Crypt.
 44984 | Vaults:3 | Reached skill level 15 in Transmutations
 45312 | Vaults:3 | Learned a level 8 spell: Necromutation
 45522 | Vaults:4 | Found Narani Noic's Distillery.
 45530 | Vaults:4 | Bought a potion of curing for 51 gold pieces
 45530 | Vaults:4 | Bought a potion of experience for 850 gold pieces
 45530 | Vaults:4 | Bought a potion of curing for 51 gold pieces
 45530 | Vaults:4 | Bought a potion of brilliance for 68 gold pieces
 45530 | Vaults:4 | Bought a potion of ambrosia for 136 gold pieces
 45566 | Vaults:4 | Found Pacefont's Assorted Antiques.
 45578 | Vaults:4 | Bought a potion of resistance for 210 gold pieces
 45578 | Vaults:4 | Bought a potion of heal wounds for 105 gold pieces
 47220 | D:9      | Reached XP level 23. HP: 165/165 MP: 37/37
 47297 | Elf:1    | Entered Level 1 of the Elven Halls
 47328 | Orc:2    | Reached XP level 24. HP: 172/172 MP: 33/37
 47550 | Elf:1    | Identified the Reference Book on the Escort
 47802 | Elf:1    | Cast into level 2 of the Abyss (a deep elf demonologist)
 47818 | Abyss:2  | Got a masterwork long sword
 47867 | Abyss:2  | Found a corrupted altar of Lugonu.
 48184 | Abyss:2  | Reached skill level 5 in Stealth
 48366 | Abyss:2  | Found a corrupted altar of Lugonu.
 48526 | Elf:1    | Escaped the Abyss
 49220 | Elf:2    | Found a shimmering blue altar of Sif Muna.
 49308 | Elf:2    | Found a magical portal.
 49339 | WizLab   | Entered Wucad Mu's Monastery
 50130 | Elf:2    | Identified the +8 long sword of Exchange {pain, +Fly rF+
                  | Int+2} (You found it on level 2 of the Abyss)
 50210 | Elf:2    | Reached XP level 25. HP: 182/182 MP: 37/37
 50220 | Elf:2    | Found a huge runed translucent gate.
 50220 | Elf:2    | Found a huge runed translucent gate.
 50226 | Elf:2    | Found a huge runed translucent gate.
 50227 | Elf:2    | Found a huge runed translucent gate.
 50228 | Elf:2    | Found a huge runed translucent gate.
 50543 | Elf:2    | Noticed Nikola
 50556 | Elf:2    | Killed Nikola
 50824 | Elf:3    | Entered Level 3 of the Elven Halls
 51071 | Elf:3    | Found a runed translucent door.
 51073 | Elf:3    | Noticed wjchen's ghost (adept MiFi)
 51087 | Elf:3    | Killed wjchen's ghost
 51168 | Elf:3    | Reached skill level 15 in Fighting
 51551 | Elf:3    | Identified the +2 glaive "Uhaosh" {drain, Dex+4}
 51551 | Elf:3    | Identified the amulet of the Skies Above {Spirit Will+
                  | Int-4 Dex+3}
 51553 | Elf:3    | Identified the +6 bardiche of Taxation {venom, rElec Str+8
                  | Dex+2}
 51561 | Elf:3    | Reached XP level 26. HP: 159/202 MP: 23/37
 52070 | Elf:3    | Got a pair of masterwork boots
 52109 | Elf:3    | Identified the -6 pair of boots "Ziomeymae" {rF+ Str+3
                  | Dex+4} (You found it on level 3 of the Elven Halls)
 52331 | D:9      | Learned a level 9 spell: Shatter
 52335 | D:9      | Lost mutation: Your muscles are strong. (Str +2) [potion of
                  | mutation]
 52335 | D:9      | Lost mutation: Your flesh is heat resistant. (rF+) [potion
                  | of mutation]
 52335 | D:9      | Gained mutation: Your spells are a little easier to cast,
                  | but a little less powerful. [potion of mutation]
 52335 | D:9      | Gained mutation: You are partially covered in yellow
                  | scales. (AC +2) [potion of mutation]
 52335 | D:9      | Gained mutation: Potions are less effective at restoring
                  | your health. [potion of mutation]
 52335 | D:9      | Gained mutation: You have large cloven feet. [potion of
                  | mutation]
 52336 | D:9      | Lost mutation: Potions are less effective at restoring your
                  | health. [potion of mutation]
 52336 | D:9      | Lost mutation: Your spells are a little easier to cast, but
                  | a little less powerful. [potion of mutation]
 52336 | D:9      | Lost mutation: You have large cloven feet. [potion of
                  | mutation]
 52336 | D:9      | Gained mutation: You are weak. (Str -2) [potion of
                  | mutation]
 52336 | D:9      | Gained mutation: You possess an exceptional clarity of
                  | mind. [potion of mutation]
 52336 | D:9      | Gained mutation: You are partially covered in large bone
                  | plates. (SH +4) [potion of mutation]
 52588 | Crypt:1  | Entered Level 1 of the Crypt
 52649 | Crypt:1  | Reached skill level 1 in Evocations
 52722 | Crypt:1  | Noticed Frederick
 52730 | Crypt:1  | Killed Frederick
 53289 | Crypt:1  | Noticed Mennas
 53487 | Crypt:2  | Noticed Margery
 53538 | Crypt:2  | Killed Margery
 53571 | Crypt:2  | Found a runed translucent door.
 53575 | Crypt:2  | Noticed Resec's ghost (veteran GrEE)
 53618 | Crypt:2  | Killed Resec's ghost
 53619 | Crypt:2  | Reached skill level 5 in Evocations
 53653 | Crypt:2  | Got a brightly glowing kite shield
 54183 | Crypt:2  | Identified the +1 kite shield of Ferocious the Good {rPois
                  | Will+ Dex-3} (You found it on level 2 of the Crypt)
 54210 | Crypt:3  | Entered Level 3 of the Crypt
 54387 | Crypt:3  | Reached XP level 27. HP: 198/210 MP: 32/39
 54924 | Crypt:3  | Found an ancient bone altar of Kikubaaqudgha.
 54934 | Crypt:3  | Found a basalt altar of Yredelemnul.
 55006 | Crypt:3  | Identified the Disquisition on Displaced Creation
 55009 | Crypt:3  | Got a twisted hand axe
 55151 | Crypt:3  | Reached skill level 10 in Evocations
 55466 | Crypt:3  | Found a staircase to the Tomb.
 55609 | Crypt:3  | Identified the +5 hand axe of Ihugodi {vorpal, Str+4} (You
                  | found it on level 3 of the Crypt)
 55689 | Tomb:1   | Entered Level 1 of the Tomb of the Ancients
 55948 | Tomb:1   | Noticed a royal mummy
 55977 | Tomb:1   | Killed a royal mummy
 56474 | Tomb:1   | Noticed a royal mummy
 56488 | Tomb:1   | Killed a royal mummy
 56847 | Tomb:1   | Noticed a royal mummy
 56849 | Tomb:1   | Noticed a royal mummy
 56849 | Tomb:1   | Noticed a royal mummy
 56853 | Tomb:1   | Noticed a royal mummy
 56857 | Tomb:1   | Noticed a royal mummy
 56858 | Tomb:1   | Noticed a royal mummy
 56859 | Tomb:1   | Killed a royal mummy
 56874 | Crypt:3  | Killed a royal mummy
 56964 | Tomb:1   | Killed a royal mummy
 56966 | Tomb:1   | Killed a royal mummy
 56969 | Tomb:1   | Killed a royal mummy
 56973 | Tomb:1   | Killed a royal mummy
 57039 | Tomb:1   | Noticed a royal mummy
 57049 | Tomb:1   | Killed a royal mummy
 57108 | Tomb:1   | Noticed a royal mummy
 57117 | Tomb:1   | Killed a royal mummy
 57169 | Tomb:1   | Noticed a royal mummy
 57183 | Tomb:1   | Killed a royal mummy
 57213 | Tomb:1   | Noticed a royal mummy
 57218 | Tomb:1   | Noticed a royal mummy
 57220 | Tomb:1   | Noticed a royal mummy
 57231 | Tomb:1   | Killed a royal mummy
 57235 | Tomb:1   | Noticed a royal mummy
 57236 | Tomb:1   | Killed a royal mummy
 57236 | Tomb:1   | Noticed a royal mummy
 57238 | Tomb:1   | Killed a royal mummy
 57354 | Tomb:1   | Killed a royal mummy
 57355 | Tomb:1   | Killed a royal mummy
 57407 | Tomb:1   | Noticed a royal mummy
 57413 | Tomb:1   | Killed a royal mummy
 57422 | Tomb:1   | Noticed a royal mummy
 57428 | Tomb:1   | Killed a royal mummy
 57549 | Tomb:1   | Noticed a royal mummy
 57558 | Tomb:1   | Killed a royal mummy
 57946 | Vaults:5 | Entered Level 5 of the Vaults
 57954 | Vaults:5 | Noticed an ancient lich
 58024 | Vaults:5 | Killed an ancient lich
 58232 | Vaults:5 | Reached skill level 27 in Earth Magic
 58292 | Vaults:5 | Noticed an ancient lich
 58386 | Vaults:5 | Killed an ancient lich
 58558 | Vaults:5 | Identified the +6 spear of Starshine {freeze, *Rage rC++
                  | rN+ MP+9}
 58661 | Vaults:5 | Identified the +6 trident "Gysu" {venom, rElec rF+++ Str-3
                  | SInv}
 58990 | Vaults:5 | Found Foadghuqi's Jewellery Emporium.
 59080 | Vaults:5 | Identified the +7 short sword "Jopleki" {protect, rElec}
 59080 | Vaults:5 | Identified the ring "Ulag" {Ice Will+ Int-3 Dex+3}
 59212 | Vaults:5 | Got a transparent golden ring
 59317 | Vaults:5 | Got a silver rune of Zot
 59493 | Vaults:5 | Found the +3 pair of gauntlets of War {Slay+5}
 60132 | Vaults:5 | Got a shimmering arbalest
 60142 | Vaults:5 | Identified the cursed +0 arbalest of the Crypt {elec, rElec
                  | rPois Int+4} (You found it on level 5 of the Vaults)
 60149 | Vaults:5 | Identified the ring "Sobruust" {*Tele SInv} (You found it
                  | on level 5 of the Vaults)
 60175 | Vaults:5 | Got a polished dagger
 60177 | Vaults:5 | Identified the +9 dagger "Kiluaph" {vorpal, rElec Int+2}
                  | (You found it on level 5 of the Vaults)
 60191 | Vaults:5 | Got a polished dagger
 60192 | Vaults:5 | Identified the +1 dagger of Qyph {vamp, rF+ rC+ Will+} (You
                  | found it on level 5 of the Vaults)
 60233 | Vaults:5 | Got a translucent hand crossbow
 60234 | Vaults:5 | Identified the +8 hand crossbow "Kuomeud" {elec, Int+7
                  | Dex-2} (You found it on level 5 of the Vaults)
 60643 | Crypt:1  | Killed Mennas
 60879 | Tomb:2   | Reached skill level 15 in Spellcasting
 60879 | Tomb:2   | Noticed a royal mummy
 60881 | Tomb:2   | Noticed a royal mummy
 60890 | Tomb:2   | Killed a royal mummy
 60891 | Tomb:2   | Reached skill level 15 in Evocations
 60898 | Tomb:2   | Noticed a royal mummy
 60900 | Tomb:2   | Killed a royal mummy
 60901 | Tomb:2   | Noticed a royal mummy
 60924 | Tomb:2   | Killed a royal mummy
 61058 | Tomb:2   | Killed a royal mummy
 61663 | Tomb:3   | Entered Level 3 of the Tomb of the Ancients
 61686 | Tomb:3   | Noticed a royal mummy
 61686 | Tomb:3   | Noticed a royal mummy
 61693 | Tomb:3   | Noticed a royal mummy
 61695 | Tomb:3   | Noticed a royal mummy
 61696 | Tomb:3   | Killed a royal mummy
 61697 | Tomb:3   | Killed a royal mummy
 61698 | Tomb:3   | Noticed a royal mummy
 61699 | Tomb:3   | Killed a royal mummy
 61699 | Tomb:3   | Noticed a royal mummy
 61700 | Tomb:3   | Noticed a royal mummy
 61702 | Tomb:3   | Killed a royal mummy
 61702 | Tomb:3   | Killed a royal mummy
 61702 | Tomb:3   | Noticed a royal mummy
 61708 | Tomb:3   | Killed a royal mummy
 61710 | Tomb:3   | Killed a royal mummy
 61713 | Tomb:3   | Killed a royal mummy
 61911 | Tomb:3   | Found the +6 Majin-Bo {vamp, MP+6 Int+6}
 61914 | Tomb:3   | Found the +11 plutonium sword {*Contam Stlth-}
 61984 | Tomb:3   | Identified the Papyrus of Black Rites and Earth
 61988 | Tomb:3   | Got a shimmering ruby amulet
 62142 | Tomb:3   | Got a glittering amethyst amulet
 62285 | Tomb:3   | Got a golden rune of Zot
 62442 | Tomb:3   | Identified the amulet "Kost" {Reflect *Corrode rF+++ Str+4
                  | SH+5 SInv} (You found it on level 3 of the Tomb of the
                  | Ancients)
 62452 | Tomb:3   | Identified the amulet of the Sky {Will+ Regen+ Dex+4} (You
                  | found it on level 3 of the Tomb of the Ancients)
 62459 | Tomb:3   | Got an encrusted shortbow
 62460 | Tomb:3   | Identified the cursed +1 shortbow of Imminent Death
                  | {freeze, rF- Will+ Dex+2} (You found it on level 3 of the
                  | Tomb of the Ancients)
 62620 | Tomb:3   | Acquired a manual of Shields
 62622 | Tomb:3   | Acquired 538 gold pieces
 62676 | Tomb:3   | Learned a level 9 spell: Death's Door
 62683 | Zig:1    | Entered Level 1 of a ziggurat
 62700 | Zig:2    | Entered Level 2 of a ziggurat
 62729 | Zig:3    | Entered Level 3 of a ziggurat
 62765 | Zig:4    | Entered Level 4 of a ziggurat
 62860 | Zig:5    | Entered Level 5 of a ziggurat
 62966 | Zig:6    | Entered Level 6 of a ziggurat
 63042 | Zig:7    | Entered Level 7 of a ziggurat
 63067 | Zig:7    | Got a steaming copper ring
 63133 | Zig:8    | Entered Level 8 of a ziggurat
 63165 | Zig:8    | Identified the ring of the Endless Friends {rElec rN+ Will+
                  | Dex+10} (You found it on level 7 of a ziggurat)
 63220 | Zig:8    | Got a twitching marble ring
 63255 | Zig:8    | Identified the ring "Ruxt" {rC++ rN+ Dex+6} (You found it
                  | on level 8 of a ziggurat)
 63273 | Zig:8    | Reached skill level 15 in Armour
 63278 | Zig:9    | Entered Level 9 of a ziggurat
 63365 | Zig:10   | Entered Level 10 of a ziggurat
 63405 | Zig:10   | Got a shimmering ivory ring
 63416 | Zig:10   | Got a scorched platinum ring
 63473 | Zig:11   | Entered Level 11 of a ziggurat
 63597 | Zig:11   | Identified the ring of the Queen {rElec rF- rC+++ EV+4
                  | Str-3} (You found it on level 10 of a ziggurat)
 63598 | Zig:11   | Identified the ring "Wih Fuch" {Int+7 SInv Stlth-} (You
                  | found it on level 10 of a ziggurat)
 63628 | Zig:12   | Entered Level 12 of a ziggurat
 63787 | Zig:13   | Entered Level 13 of a ziggurat
 63829 | Zig:13   | Identified Rocotu's Grimoire of Orientation and Attacks
 63841 | Zig:13   | Identified Pick's Compendium of Venom and Feathers
 63843 | Zig:13   | Identified the Collected Works on Fiery Flight
 63925 | Zig:14   | Entered Level 14 of a ziggurat
 63937 | Zig:14   | Noticed a royal mummy
 63939 | Zig:14   | Noticed a royal mummy
 63940 | Zig:14   | Noticed a royal mummy
 63944 | Zig:14   | Killed a royal mummy
 63944 | Zig:14   | Killed a royal mummy
 63945 | Zig:14   | Killed a royal mummy
 64028 | Zig:14   | Identified the Disquisition on Frigorific Dark Rites
 64109 | Zig:15   | Entered Level 15 of a ziggurat
 64185 | Zig:15   | Identified the Collected Works on Evil Ice
 64189 | Zig:15   | Got a flickering bronze ring
 64250 | Zig:15   | Identified the ring "Vulif" {+Blink Will+ rCorr Stlth+}
                  | (You found it on level 15 of a ziggurat)
 64278 | Zig:16   | Entered Level 16 of a ziggurat
 64307 | Zig:16   | Noticed a royal mummy
 64308 | Zig:16   | Noticed a royal mummy
 64309 | Zig:16   | Noticed a royal mummy
 64311 | Zig:16   | Noticed a royal mummy
 64313 | Zig:16   | Noticed a royal mummy
 64315 | Zig:16   | Reached skill level 10 in Dodging
 64319 | Zig:16   | Killed a royal mummy
 64320 | Zig:16   | Killed a royal mummy
 64320 | Zig:16   | Killed a royal mummy
 64321 | Zig:16   | Killed a royal mummy
 64321 | Zig:16   | Killed a royal mummy
 64433 | Zig:16   | Got a faintly glowing pewter amulet
 64434 | Zig:16   | Identified the Tome of Flames and Creation
 64482 | Zig:17   | Entered Level 17 of a ziggurat
 64501 | Zig:17   | Noticed an ancient lich
 64502 | Zig:17   | Noticed an ancient lich
 64505 | Zig:17   | Killed an ancient lich
 64506 | Zig:17   | Killed an ancient lich
 64546 | Zig:17   | Got a shimmering marble ring
 64675 | Zig:18   | Entered Level 18 of a ziggurat
 64749 | Zig:18   | Found the +3 giant club "Skullcrusher" {speed, Str+7}
 64813 | Zig:18   | Identified the ring "Vuixuhotte" {*Tele +Blink rF++ Will+
                  | Int-2} (You found it on level 17 of a ziggurat)
 64816 | Zig:18   | Identified the amulet "Jizyt" {rPois Will+ Regen+ SInv}
                  | (You found it on level 16 of a ziggurat)
 64951 | Zig:19   | Entered Level 19 of a ziggurat
 65031 | Zig:19   | Reached skill level 5 in Maces & Flails
 65303 | Zig:19   | Found the +2 hood of the Assassin {Detection Stab+ Stlth++}
 65315 | Zig:19   | Got a twitching marble ring
 65323 | Zig:19   | Identified the Grimoire of the Venomous Blaze
 65412 | Zig:19   | Identified the ring "Mileih" {rF+ rC+ Slay+2 Stlth+} (You
                  | found it on level 19 of a ziggurat)
 65416 | Zig:19   | Reached skill level 10 in Maces & Flails
 65433 | Zig:20   | Entered Level 20 of a ziggurat
 65455 | Zig:20   | Found the +3 robe of Folly {Archmagi, Will-- Int+5}
 65504 | Zig:20   | Got a transparent amber ring
 65623 | Zig:21   | Entered Level 21 of a ziggurat
 65648 | Zig:21   | Noticed a royal mummy
 65663 | Zig:21   | Noticed a royal mummy
 65665 | Zig:21   | Killed a royal mummy
 65667 | Zig:21   | Noticed a royal mummy
 65669 | Zig:21   | Noticed a royal mummy
 65671 | Zig:21   | Noticed a royal mummy
 65672 | Zig:21   | Noticed a royal mummy
 65672 | Zig:21   | Noticed a royal mummy
 65672 | Zig:21   | Noticed a royal mummy
 65673 | Zig:21   | Noticed a royal mummy
 65675 | Zig:21   | Noticed a royal mummy
 65682 | Zig:21   | Killed a royal mummy
 65682 | Zig:21   | Killed a royal mummy
 65682 | Zig:21   | Killed a royal mummy
 65682 | Zig:21   | Killed a royal mummy
 65682 | Zig:21   | Killed a royal mummy
 65682 | Zig:21   | Killed a royal mummy
 65682 | Zig:21   | Killed a royal mummy
 65682 | Zig:21   | Noticed a royal mummy
 65683 | Zig:21   | Killed a royal mummy
 65683 | Zig:21   | Killed a royal mummy
 65691 | Zig:21   | Killed a royal mummy
 65718 | Zig:21   | Reached skill level 27 in Evocations
 65946 | Zig:21   | Found the +7 captain's cutlass {speed, disarm}
 65958 | Zig:21   | Identified the Grimoire of Flying Combat Magic
 66038 | Zig:21   | Learned a level 3 spell: Ozocubu's Armour
 66041 | Zig:21   | Identified the ring "Kestri" {rN+ Will+++ Int-3 SInv
                  | Stlth+} (You found it on level 20 of a ziggurat)
 66056 | Zig:22   | Entered Level 22 of a ziggurat
 66074 | Zig:22   | Reached skill level 1 in Ice Magic
 66085 | Zig:22   | Found the brooch of Shielding {Spirit SH+8}
 66138 | Zig:22   | Reached skill level 5 in Ice Magic
 66306 | Zig:22   | Got a scintillating tin ring
 66450 | Zig:22   | Got a jewelled quarterstaff
 66456 | Zig:22   | Identified the +3 quarterstaff "Kenobro" {drain, *Rage rC+
                  | Dex+4 SInv} (You found it on level 22 of a ziggurat)
 66461 | Zig:22   | Identified the ring "Teafazan" {rF+ Int+6 SInv} (You found
                  | it on level 22 of a ziggurat)
 66478 | Zig:22   | Got a masterwork scimitar
 66481 | Zig:22   | Got a bloodstained arbalest
 66487 | Zig:22   | Identified the +4 scimitar "Menu" {drain, rElec MP+9 Dex+3}
                  | (You found it on level 22 of a ziggurat)
 66489 | Zig:22   | Identified the +6 arbalest "Heuklenn" {speed, Str+4 Int+2}
                  | (You found it on level 22 of a ziggurat)
 66516 | Zig:23   | Entered Level 23 of a ziggurat
 66539 | Zig:23   | Noticed an ancient lich
 66541 | Zig:23   | Reached skill level 10 in Air Magic
 66542 | Zig:23   | Killed an ancient lich
 66594 | Zig:23   | Found the +2 shield of Resistance {rF++ rC++ Will++}
 66831 | Zig:24   | Entered Level 24 of a ziggurat
 66848 | Zig:24   | Noticed a Killer Klown
 66848 | Zig:24   | Noticed Quusuurch the pandemonium lord
 66848 | Zig:24   | Noticed Deisas the pandemonium lord
 66852 | Zig:24   | Noticed a Killer Klown
 66871 | Zig:24   | Noticed Savuisitz the pandemonium lord
 66884 | Zig:24   | Killed Savuisitz the pandemonium lord
 66891 | Zig:24   | Killed Quusuurch the pandemonium lord
 66892 | Zig:24   | Reached skill level 10 in Ice Magic
 66899 | Zig:24   | Noticed Ugoemp the pandemonium lord
 66904 | Zig:24   | Killed a Killer Klown
 66920 | Zig:24   | Noticed a Killer Klown
 66931 | Zig:24   | Killed Ugoemp the pandemonium lord
 66935 | Zig:24   | Noticed a Killer Klown
 66939 | Zig:24   | Killed a Killer Klown
 66942 | Zig:24   | Noticed Genenk the pandemonium lord
 66946 | Zig:24   | Noticed Pimofecaap the pandemonium lord
 66953 | Zig:24   | Noticed a Killer Klown
 66959 | Zig:24   | Noticed a Killer Klown
 66965 | Zig:24   | Noticed a Killer Klown
 66972 | Zig:24   | Killed a Killer Klown
 66987 | Zig:24   | Noticed a Killer Klown
 66989 | Zig:24   | Killed Genenk the pandemonium lord
 66993 | Zig:24   | Killed Pimofecaap the pandemonium lord
 66993 | Zig:24   | Killed Deisas the pandemonium lord
 66994 | Zig:24   | Killed a Killer Klown
 66994 | Zig:24   | Killed a Killer Klown
 66994 | Zig:24   | Noticed Xenax the pandemonium lord
 66995 | Zig:24   | Reached skill level 10 in Stealth
 66995 | Zig:24   | Noticed Wyosch the pandemonium lord
 66997 | Zig:24   | Killed a Killer Klown
 66998 | Zig:24   | Killed a Killer Klown
 67001 | Zig:24   | Noticed Qixib the pandemonium lord
 67004 | Zig:24   | Noticed Pecsimu the pandemonium lord
 67004 | Zig:24   | Killed Xenax the pandemonium lord
 67004 | Zig:24   | Noticed Qoifusachi the pandemonium lord
 67004 | Zig:24   | Noticed Vagoddis the pandemonium lord
 67006 | Zig:24   | Killed Wyosch the pandemonium lord
 67007 | Zig:24   | Killed a Killer Klown
 67009 | Zig:24   | Noticed Veptaof the pandemonium lord
 67012 | Zig:24   | Killed Pecsimu the pandemonium lord
 67012 | Zig:24   | Noticed Taaxamel the pandemonium lord
 67013 | Zig:24   | Noticed Foukusch the pandemonium lord
 67018 | Zig:24   | Killed Veptaof the pandemonium lord
 67020 | Zig:24   | Killed Qixib the pandemonium lord
 67021 | Zig:24   | Killed Vagoddis the pandemonium lord
 67026 | Zig:24   | Killed Taaxamel the pandemonium lord
 67026 | Zig:24   | Killed Foukusch the pandemonium lord
 67031 | Zig:24   | Killed Qoifusachi the pandemonium lord
 67198 | Zig:24   | Found the +0 pair of fencer's gloves {Riposte Dex+3}
 67202 | Zig:24   | Found the +8 autumn katana {vorpal, Clar}
 67205 | Zig:24   | Got a warped jade ring
 67211 | Zig:24   | Identified Vohyoc's Guide on Poison and the Oath
 67309 | Zig:24   | Got a warped fustibalus
 67314 | Zig:25   | Entered Level 25 of a ziggurat
 67316 | Zig:25   | Identified the cursed +0 fustibalus of Sunlight {vorpal,
                  | +Fly rN+ Dex+4} (You found it on level 24 of a ziggurat)
 67320 | Zig:25   | Identified the ring "Fineastra" {Will++ SInv} (You found it
                  | on level 24 of a ziggurat)
 67829 | Zig:25   | Found the +5 robe of Night {Dark Will+ SInv}
 67839 | Zig:25   | Identified Sif Muna's Compendium of Vitriolic Changing
 67848 | Zig:25   | Got a glittering golden ring
 67850 | Zig:25   | Got a slimy glass ring
 68037 | Zig:25   | Identified the ring of Ymykapac {*Corrode rElec Str+2 SInv}
                  | (You found it on level 25 of a ziggurat)
 68040 | Zig:25   | Identified the ring "Bokuokuq" {Str+6 Dex+6} (You found it
                  | on level 25 of a ziggurat)
 68070 | Zig:26   | Entered Level 26 of a ziggurat
 68138 | Zig:26   | Noticed Motipt the pandemonium lord
 68154 | Zig:26   | Killed Motipt the pandemonium lord
 68177 | Zig:26   | Reached skill level 15 in Air Magic
 68403 | Zig:26   | Found the +7 pair of quick blades "Gyre" and "Gimble"
                  | {protect}
 68410 | Zig:26   | Identified the Guide on Poisonous Flames
 68414 | Zig:26   | Identified Yppob's Grimoire of Ashen Flames
 68526 | Zig:27   | Entered Level 27 of a ziggurat
 68613 | Zig:27   | Found the +3 salamander hide armour {Flames rF++ rC--}
 68626 | Zig:27   | Identified Retix's Papyrus of Aerial Sinister Arts
 68628 | Zig:27   | Identified A Primer on Hermeneutics
 68632 | Zig:27   | Identified the Grimoire of Destructive Poisoning
 68635 | Zig:27   | Got a scintillating ivory ring
 68647 | Zig:27   | Identified the ring "Zawuhir" {*Contam rElec rPois rF-
                  | MP+9} (You found it on level 27 of a ziggurat)
 68772 | Zig:27   | Got a vibrating iron ring
 68919 | Zig:27   | Got a coiled crystal amulet
 68923 | Zig:27   | Got a bloodstained cloak
 68937 | Zig:27   | Identified the +1 cloak "Ulaxzy" {rF+} (You found it on
                  | level 27 of a ziggurat)
 68939 | Zig:27   | Identified the amulet "Zonim" {Spirit Int+8 Dex+5 Slay-4}
                  | (You found it on level 27 of a ziggurat)
 68942 | Zig:27   | Identified the ring "Xuist" {rPois rF+} (You found it on
                  | level 27 of a ziggurat)
 68969 | Tomb:3   | Lost mutation: You are weak. (Str -2) [potion of mutation]
 68969 | Tomb:3   | Lost mutation: You possess an exceptional clarity of mind.
                  | [potion of mutation]
 68969 | Tomb:3   | Gained mutation: Armour fits poorly on your strangely
                  | shaped body. [potion of mutation]
 68969 | Tomb:3   | Gained mutation: You possess an exceptional clarity of
                  | mind. [potion of mutation]
 68969 | Tomb:3   | Gained mutation: Your mind is acute. (Int +2) [potion of
                  | mutation]
 68970 | Tomb:3   | Lost mutation: Your mind is acute. (Int +2) [potion of
                  | mutation]
 68970 | Tomb:3   | Lost mutation: You possess an exceptional clarity of mind.
                  | [potion of mutation]
 68970 | Tomb:3   | Lost mutation: Armour fits poorly on your strangely shaped
                  | body. [potion of mutation]
 68970 | Tomb:3   | Gained mutation: Your mind is acute. (Int +2) [potion of
                  | mutation]
 68970 | Tomb:3   | Gained mutation: You are mostly covered in large bone
                  | plates. (SH +6) [potion of mutation]
 68970 | Tomb:3   | Gained mutation: You expend magic power (3 MP) to
                  | strengthen your wands. [potion of mutation]
 68971 | Tomb:3   | Lost mutation: Your mind is acute. (Int +2) [potion of
                  | mutation]
 68971 | Tomb:3   | Lost mutation: You are mostly covered in large bone plates.
                  | (SH +6) [potion of mutation]
 68971 | Tomb:3   | Lost mutation: You are partially covered in yellow scales.
                  | (AC +2) [potion of mutation]
 68971 | Tomb:3   | Gained mutation: You are robust. (+10% HP) [potion of
                  | mutation]
 68971 | Tomb:3   | Gained mutation: You have an increased reservoir of magic.
                  | (+10% MP) [potion of mutation]
 68972 | Tomb:3   | Lost mutation: You expend magic power (3 MP) to strengthen
                  | your wands. [potion of mutation]
 68972 | Tomb:3   | Lost mutation: You are robust. (+10% HP) [potion of
                  | mutation]
 68972 | Tomb:3   | Gained mutation: Your muscles are strong. (Str +2) [potion
                  | of mutation]
 68972 | Tomb:3   | Gained mutation: You are robust. (+10% HP) [potion of
                  | mutation]
 68973 | Tomb:3   | Lost mutation: Your muscles are strong. (Str +2) [potion of
                  | mutation]
 68973 | Tomb:3   | Lost mutation: You have an increased reservoir of magic.
                  | (+10% MP) [potion of mutation]
 68973 | Tomb:3   | Gained mutation: Your natural rate of healing is unusually
                  | fast. [potion of mutation]
 68973 | Tomb:3   | Gained mutation: Your spells are a little harder to cast,
                  | but a little more powerful. [potion of mutation]
 68990 | Tomb:3   | Learned a level 9 spell: Tornado
 68997 | Tomb:3   | Acquired 758 gold pieces
 68999 | Tomb:3   | Acquired 879 gold pieces
 69001 | Tomb:3   | Acquired a manual of Spellcasting
 69014 | Zig:1    | Entered Level 1 of a ziggurat
 69081 | Zig:2    | Entered Level 2 of a ziggurat
 69145 | Zig:3    | Entered Level 3 of a ziggurat
 69147 | Zig:3    | Found the +7 Spriggan's Knife {stab, EV+4 Stlth+}
 69187 | Zig:3    | Lost mutation: Your spells are a little harder to cast, but
                  | a little more powerful. [potion of mutation]
 69187 | Zig:3    | Lost mutation: Your natural rate of healing is unusually
                  | fast. [potion of mutation]
 69187 | Zig:3    | Lost mutation: You are robust. (+10% HP) [potion of
                  | mutation]
 69187 | Zig:3    | Gained mutation: Your muscles are strong. (Str +2) [potion
                  | of mutation]
 69187 | Zig:3    | Gained mutation: You are dopey. (Int -2) [potion of
                  | mutation]
 69187 | Zig:3    | Gained mutation: You are covered in fur. (AC +1) [potion of
                  | mutation]
 69188 | Zig:3    | Lost mutation: Your muscles are strong. (Str +2) [potion of
                  | mutation]
 69188 | Zig:3    | Lost mutation: You are dopey. (Int -2) [potion of mutation]
 69188 | Zig:3    | Gained mutation: You are strong-willed. (Will+) [potion of
                  | mutation]
 69188 | Zig:3    | Gained mutation: You have large cloven feet. [potion of
                  | mutation]
 69188 | Zig:3    | Gained mutation: You are mostly covered in large bone
                  | plates. (SH +6) [potion of mutation]
 69189 | Zig:3    | Lost mutation: You are mostly covered in large bone plates.
                  | (SH +6) [potion of mutation]
 69189 | Zig:3    | Lost mutation: You are strong-willed. (Will+) [potion of
                  | mutation]
 69189 | Zig:3    | Lost mutation: You have large cloven feet. [potion of
                  | mutation]
 69189 | Zig:3    | Lost mutation: You are covered in fur. (AC +1) [potion of
                  | mutation]
 69189 | Zig:3    | Gained mutation: You possess an exceptional clarity of
                  | mind. [potion of mutation]
 69206 | Zig:4    | Entered Level 4 of a ziggurat
 69208 | Zig:4    | Noticed an orb of fire
 69208 | Zig:4    | Noticed an orb of fire
 69223 | Zig:4    | Killed an orb of fire
 69279 | Zig:4    | Gained mutation: Scrolls take you a little longer to read.
                  | [an orb of fire]
 69280 | Zig:4    | Killed an orb of fire
 69490 | Zig:5    | Entered Level 5 of a ziggurat
 69589 | Zig:6    | Entered Level 6 of a ziggurat
 69651 | Zig:7    | Entered Level 7 of a ziggurat
 69739 | Zig:8    | Entered Level 8 of a ziggurat
 69761 | Zig:8    | Noticed an ancient lich
 69761 | Zig:8    | Noticed an ancient lich
 69765 | Zig:8    | Killed an ancient lich
 69765 | Zig:8    | Killed an ancient lich
 69842 | Zig:9    | Entered Level 9 of a ziggurat
 69869 | Zig:9    | Found the cursed +14 obsidian axe {vorpal, +Fly SInv
                  | *Curse}
 69899 | Zig:9    | Identified the Incunabulum of Destructive Heat
 69946 | Zig:10   | Entered Level 10 of a ziggurat
 70023 | Zig:10   | Identified the Grimoire of Shape Shifting and Necromancy
 70075 | Zig:10   | Got a fine longbow
 70084 | Zig:10   | Identified the +5 longbow of Gyl Fetoo {vorpal, Dex+4} (You
                  | found it on level 10 of a ziggurat)
 70088 | Zig:11   | Entered Level 11 of a ziggurat
 70206 | Zig:12   | Entered Level 12 of a ziggurat
 70223 | Zig:12   | Noticed an ancient lich
 70226 | Zig:12   | Found the +8 lance "Wyrmbane" {slay drac, rPois rF+ rC+
                  | AC+3}
 70227 | Zig:12   | Killed an ancient lich
 70270 | Zig:12   | Got a pitted pewter ring
 70325 | Zig:12   | Identified the ring "Hinaum" {*Tele Dex+3} (You found it on
                  | level 12 of a ziggurat)
 70334 | Zig:13   | Entered Level 13 of a ziggurat
 70346 | Zig:13   | Noticed Decuopal the pandemonium lord
 70349 | Zig:13   | Killed Decuopal the pandemonium lord
 70522 | Zig:14   | Entered Level 14 of a ziggurat
 70545 | Zig:14   | Noticed a royal mummy
 70547 | Zig:14   | Noticed a royal mummy
 70560 | Zig:14   | Killed a royal mummy
 70561 | Zig:14   | Killed a royal mummy
 70726 | Zig:14   | Got a twisted hand crossbow
 70732 | Zig:14   | Identified the +7 hand crossbow of Exquisite Death {flame,
                  | rN++ Str+4} (You found it on level 14 of a ziggurat)
 70765 | Zig:15   | Entered Level 15 of a ziggurat
 70779 | Zig:15   | Noticed an orb of fire
 70779 | Zig:15   | Noticed an orb of fire
 70781 | Zig:15   | Noticed an orb of fire
 70781 | Zig:15   | Noticed an orb of fire
 70782 | Zig:15   | Noticed an orb of fire
 70782 | Zig:15   | Noticed an orb of fire
 70782 | Zig:15   | Noticed an orb of fire
 70787 | Zig:15   | Killed an orb of fire
 70789 | Zig:15   | Killed an orb of fire
 70789 | Zig:15   | Killed an orb of fire
 70792 | Zig:15   | Killed an orb of fire
 70792 | Zig:15   | Killed an orb of fire
 70795 | Zig:15   | Killed an orb of fire
 70795 | Zig:15   | Killed an orb of fire
 70893 | Zig:16   | Entered Level 16 of a ziggurat
 70964 | Zig:16   | Identified the Reference Book on Noxious Flames
 71037 | Zig:17   | Entered Level 17 of a ziggurat
 71103 | Zig:17   | Got a glittering tin ring
 71105 | Zig:17   | Identified the Papyrus of Vitriolic Snow
 71254 | Zig:18   | Entered Level 18 of a ziggurat
 71269 | Zig:18   | Noticed an ancient lich
 71274 | Zig:18   | Noticed an ancient lich
 71275 | Zig:18   | Killed an ancient lich
 71275 | Zig:18   | Noticed an ancient lich
 71276 | Zig:18   | Noticed an ancient lich
 71279 | Zig:18   | Found the +8 arc blade {discharge, rElec}
 71281 | Zig:18   | Killed an ancient lich
 71282 | Zig:18   | Killed an ancient lich
 71282 | Zig:18   | Killed an ancient lich
 71362 | Zig:18   | Identified the Almanac of Shape Shifting
 71364 | Zig:18   | Identified Odacvuj's Tome of Calling
 71379 | Zig:18   | Identified the Collected Works on Companions
 71469 | Zig:18   | Identified the ring "Zoabikh" {rF+ Stlth+} (You found it on
                  | level 17 of a ziggurat)
 71485 | Zig:19   | Entered Level 19 of a ziggurat
 71586 | Zig:19   | Got a scintillating bronze ring
 71654 | Zig:19   | Got a fine copper ring
 71719 | Zig:20   | Entered Level 20 of a ziggurat
 71743 | Zig:20   | Noticed an ancient lich
 71743 | Zig:20   | Noticed an ancient lich
 71747 | Zig:20   | Killed an ancient lich
 71749 | Zig:20   | Killed an ancient lich
 71750 | Zig:20   | Reached skill level 27 in Air Magic
 71824 | Zig:20   | Got a slimy pewter ring
 71936 | Zig:20   | Identified the ring "Gailekat" {rF++ Will+ Stlth+} (You
                  | found it on level 19 of a ziggurat)
 71940 | Zig:20   | Identified the ring "Zenaeb Biurch" {*Tele rC++} (You found
                  | it on level 19 of a ziggurat)
 71944 | Zig:20   | Identified the ring of Dogma {Wiz rC+ Str+3 Dex+2 Slay+3}
                  | (You found it on level 20 of a ziggurat)
 71957 | Zig:21   | Entered Level 21 of a ziggurat
 72203 | Zig:21   | Identified the Papyrus of Dislocated Confrontation
 72208 | Zig:21   | Identified the Catalogue of Supportive Fire
 72253 | Zig:21   | Reached skill level 15 in Dodging
 72259 | Zig:22   | Entered Level 22 of a ziggurat
 72279 | Zig:22   | Noticed a royal mummy
 72279 | Zig:22   | Noticed a royal mummy
 72280 | Zig:22   | Noticed a royal mummy
 72280 | Zig:22   | Noticed a royal mummy
 72280 | Zig:22   | Noticed a royal mummy
 72281 | Zig:22   | Noticed a royal mummy
 72281 | Zig:22   | Noticed a royal mummy
 72281 | Zig:22   | Noticed a royal mummy
 72282 | Zig:22   | Noticed a royal mummy
 72284 | Zig:22   | Noticed a royal mummy
 72286 | Zig:22   | Killed a royal mummy
 72287 | Zig:22   | Killed a royal mummy
 72287 | Zig:22   | Killed a royal mummy
 72287 | Zig:22   | Killed a royal mummy
 72287 | Zig:22   | Noticed a royal mummy
 72287 | Zig:22   | Noticed a royal mummy
 72287 | Zig:22   | Noticed a royal mummy
 72288 | Zig:22   | Killed a royal mummy
 72288 | Zig:22   | Killed a royal mummy
 72288 | Zig:22   | Killed a royal mummy
 72289 | Zig:22   | Noticed a royal mummy
 72289 | Zig:22   | Noticed a royal mummy
 72289 | Zig:22   | Noticed a royal mummy
 72290 | Zig:22   | Noticed a royal mummy
 72291 | Zig:22   | Killed a royal mummy
 72291 | Zig:22   | Killed a royal mummy
 72291 | Zig:22   | Noticed a royal mummy
 72293 | Zig:22   | Killed a royal mummy
 72295 | Zig:22   | Killed a royal mummy
 72296 | Zig:22   | Killed a royal mummy
 72296 | Zig:22   | Killed a royal mummy
 72297 | Zig:22   | Killed a royal mummy
 72297 | Zig:22   | Killed a royal mummy
 72297 | Zig:22   | Killed a royal mummy
 72299 | Zig:22   | Killed a royal mummy
 72299 | Zig:22   | Killed a royal mummy
 72416 | Zig:22   | Identified the Handbook of the Birds
 72553 | Zig:23   | Entered Level 23 of a ziggurat
 72565 | Zig:23   | Noticed an ancient lich
 72565 | Zig:23   | Noticed an ancient lich
 72567 | Zig:23   | Noticed an ancient lich
 72568 | Zig:23   | Noticed an ancient lich
 72569 | Zig:23   | Noticed an ancient lich
 72570 | Zig:23   | Noticed an ancient lich
 72572 | Zig:23   | Killed an ancient lich
 72572 | Zig:23   | Killed an ancient lich
 72572 | Zig:23   | Killed an ancient lich
 72572 | Zig:23   | Killed an ancient lich
 72573 | Zig:23   | Killed an ancient lich
 72573 | Zig:23   | Noticed an ancient lich
 72574 | Zig:23   | Noticed an ancient lich
 72574 | Zig:23   | Killed an ancient lich
 72585 | Zig:23   | Killed an ancient lich
 72604 | Zig:23   | Killed an ancient lich
 72625 | Zig:23   | Found the +0 mask of the Dragon {Will+ Slay+3 SInv}
 72625 | Zig:23   | Found the +4 Cigotuvi's embrace {rMiasma *Drain rN+}
 72638 | Zig:23   | Found the +7 Kryia's mail coat {PotionHeal*2 rC+}
 72736 | Zig:23   | Identified Sif Muna's Tome of Hurtful Ignition
 72813 | Zig:23   | Got a pair of warped gloves
 72834 | Zig:23   | Identified the +1 pair of gloves of Rouk {rC- Str+3} (You
                  | found it on level 23 of a ziggurat)
 72849 | Zig:24   | Entered Level 24 of a ziggurat
 72866 | Zig:24   | Noticed a juggernaut
 72873 | Zig:24   | Noticed a juggernaut
 72878 | Zig:24   | Killed a juggernaut
 72880 | Zig:24   | Killed a juggernaut
 73022 | Zig:24   | Identified the Guide on Poisonous Sinister Arts
 73042 | Zig:24   | Identified the Tome of the Excruciating Rocks
 73147 | Zig:25   | Entered Level 25 of a ziggurat
 73254 | Zig:25   | Got a translucent bronze ring
 73475 | Zig:26   | Entered Level 26 of a ziggurat
 73504 | Zig:26   | Noticed an ancient lich
 73504 | Zig:26   | Noticed an ancient lich
 73508 | Zig:26   | Noticed an ancient lich
 73508 | Zig:26   | Killed an ancient lich
 73531 | Zig:26   | Killed an ancient lich
 73549 | Zig:26   | Killed an ancient lich
 73786 | Zig:26   | Got a twitching golden amulet
 73793 | Zig:26   | Identified the ring of Vannos {rF+ Str+6 Int+9 Slay-6} (You
                  | found it on level 25 of a ziggurat)
 73795 | Zig:26   | Identified the amulet of Mixu Geng {Spirit Int+4} (You
                  | found it on level 26 of a ziggurat)
 73797 | Zig:26   | Got a warped emerald amulet
 73800 | Zig:26   | Identified the amulet "Oxzid" {Faith +Blink Str-2 Dex-3
                  | SInv} (You found it on level 26 of a ziggurat)
 73813 | Zig:26   | Got a clouded bone ring
 73954 | Zig:26   | Identified the ring of Oloty {EV+4 Int+4} (You found it on
                  | level 26 of a ziggurat)
 74014 | Zig:27   | Entered Level 27 of a ziggurat
 74041 | Zig:27   | Reached skill level 27 in Shields
 74285 | Zig:27   | Identified the Compendium of Ice and Shape Shifting
 74301 | Zig:27   | Got a faintly glowing marble ring
 74489 | Zig:27   | Identified the cursed ring "Resew" {EV-4 Str+4} (You found
                  | it on level 27 of a ziggurat)
 74552 | Zig:1    | Entered Level 1 of a ziggurat
 74577 | Zig:2    | Entered Level 2 of a ziggurat
 74580 | Zig:2    | Noticed a juggernaut
 74592 | Zig:2    | Killed a juggernaut
 74593 | Zig:2    | Reached skill level 1 in Polearms
 74612 | Zig:3    | Entered Level 3 of a ziggurat
 74615 | Zig:3    | Noticed a juggernaut
 74623 | Zig:3    | Killed a juggernaut
 74628 | Zig:3    | Got a twitching platinum amulet
 74655 | Zig:4    | Entered Level 4 of a ziggurat
 74698 | Zig:5    | Entered Level 5 of a ziggurat
 74772 | Zig:6    | Entered Level 6 of a ziggurat
 74777 | Zig:6    | Noticed an orb of fire
 74778 | Zig:6    | Noticed an orb of fire
 74778 | Zig:6    | Noticed an orb of fire
 74785 | Zig:6    | Killed an orb of fire
 74787 | Zig:6    | Killed an orb of fire
 74789 | Zig:6    | Killed an orb of fire
 74814 | Zig:6    | Identified Sif Muna's Reference Book on the Traveller and
                  | the Mountains
 74818 | Zig:6    | Identified the Almanac of the Turtle
 74876 | Zig:7    | Entered Level 7 of a ziggurat
 74881 | Zig:7    | Noticed an ancient lich
 74881 | Zig:7    | Noticed an ancient lich
 74886 | Zig:7    | Killed an ancient lich
 74887 | Zig:7    | Killed an ancient lich
 74889 | Zig:7    | Reached skill level 5 in Polearms
 74923 | Zig:7    | Identified the Guide on Flying Shape Shifting
 74953 | Zig:8    | Entered Level 8 of a ziggurat
 74957 | Zig:8    | Noticed an ancient lich
 74958 | Zig:8    | Noticed an ancient lich
 74958 | Zig:8    | Noticed an ancient lich
 74959 | Zig:8    | Noticed an ancient lich
 74962 | Zig:8    | Killed an ancient lich
 74962 | Zig:8    | Killed an ancient lich
 74962 | Zig:8    | Killed an ancient lich
 74964 | Zig:8    | Killed an ancient lich
 74997 | Zig:8    | Got a clouded tin ring
 75018 | Zig:9    | Entered Level 9 of a ziggurat
 75124 | Zig:10   | Entered Level 10 of a ziggurat
 75192 | Zig:10   | Got a vibrating jade ring
 75201 | Zig:10   | Identified Omih Qiu's Reference Book on Calling and Attacks
 75230 | Zig:10   | Identified the Papyrus of Earthen Moulding
 75235 | Zig:11   | Entered Level 11 of a ziggurat
 75243 | Zig:11   | Noticed Becvyf's ghost (legendary GnFi)
 75244 | Zig:11   | Noticed boysha's ghost (veteran GrFi)
 75248 | Zig:11   | Noticed Quickbrownfox's ghost (legendary MiFi)
 75249 | Zig:11   | Noticed Rocke's ghost (legendary GrFi)
 75254 | Zig:11   | Killed boysha's ghost
 75265 | Zig:11   | Killed Quickbrownfox's ghost
 75266 | Zig:11   | Killed Rocke's ghost
 75267 | Zig:11   | Killed Becvyf's ghost
 75349 | Zig:11   | Identified the Grimoire of the Mountains and Fire
 75355 | Zig:12   | Entered Level 12 of a ziggurat
 75471 | Zig:13   | Entered Level 13 of a ziggurat
 75481 | Zig:13   | Found the +5 robe of Misfortune {*Contam Harm *Corrode
                  | *Drain *Slow EV+5}
 75481 | Zig:13   | Noticed Ybowuser the pandemonium lord
 75491 | Zig:13   | Killed Ybowuser the pandemonium lord
 75494 | Zig:13   | Reached skill level 10 in Polearms
 75610 | Zig:13   | Got a brightly glowing pewter ring
 75629 | Zig:14   | Entered Level 14 of a ziggurat
 75634 | Zig:14   | Noticed Dobbauts the pandemonium lord
 75634 | Zig:14   | Noticed a Killer Klown
 75635 | Zig:14   | Noticed a Killer Klown
 75649 | Zig:14   | Noticed Dixtele the pandemonium lord
 75654 | Zig:14   | Noticed a Killer Klown
 75655 | Zig:14   | Noticed a Killer Klown
 75660 | Zig:14   | Noticed a Killer Klown
 75661 | Zig:14   | Killed a Killer Klown
 75662 | Zig:14   | Noticed a Killer Klown
 75662 | Zig:14   | Noticed a Killer Klown
 75663 | Zig:14   | Noticed Xeini the pandemonium lord
 75666 | Zig:14   | Noticed Qoaphaoh the pandemonium lord
 75667 | Zig:14   | Noticed a Killer Klown
 75670 | Zig:14   | Noticed Seuloh the pandemonium lord
 75670 | Zig:14   | Noticed Seewolam the pandemonium lord
 75672 | Zig:14   | Killed a Killer Klown
 75672 | Zig:14   | Killed a Killer Klown
 75672 | Zig:14   | Killed a Killer Klown
 75672 | Zig:14   | Killed Dixtele the pandemonium lord
 75676 | Zig:14   | Killed Dobbauts the pandemonium lord
 75678 | Zig:14   | Killed a Killer Klown
 75678 | Zig:14   | Killed a Killer Klown
 75678 | Zig:14   | Killed Qoaphaoh the pandemonium lord
 75678 | Zig:14   | Killed a Killer Klown
 75678 | Zig:14   | Killed Seuloh the pandemonium lord
 75679 | Zig:14   | Killed a Killer Klown
 75685 | Zig:14   | Killed Xeini the pandemonium lord
 75689 | Zig:14   | Killed Seewolam the pandemonium lord
 75785 | Zig:14   | Found the +2 Maxwell's thermic engine {flame, freeze}
 75790 | Zig:14   | Got a scorched platinum ring
 75792 | Zig:14   | Identified the Papyrus of the Arsonist and Hexes
 75805 | Zig:14   | Got a pitted pewter ring
 75831 | Zig:14   | Identified the amulet "Cuowua" {Reflect rElec Slay+3 SH+5
                  | SInv Stlth+} (You found it on level 3 of a ziggurat)
 75842 | Zig:14   | Identified the ring of Caraimp {rElec Str+2 Int+6 Dex+4}
                  | (You found it on level 8 of a ziggurat)
 75846 | Zig:14   | Identified the ring of Koqu {*Tele Will+ Dex+7} (You found
                  | it on level 10 of a ziggurat)
 75850 | Zig:14   | Identified the ring "Ufituf" {rElec rPois AC+4 Stlth+} (You
                  | found it on level 13 of a ziggurat)
 75854 | Zig:14   | Identified the ring of Neam {Wiz Str+2 Int+4 Dex+3} (You
                  | found it on level 14 of a ziggurat)
 75858 | Zig:14   | Identified the ring "Zeun" {rPois Will- Dex+4} (You found
                  | it on level 14 of a ziggurat)
 75869 | Zig:14   | Lost mutation: Scrolls take you a little longer to read.
                  | [potion of mutation]
 75869 | Zig:14   | Lost mutation: You possess an exceptional clarity of mind.
                  | [potion of mutation]
 75869 | Zig:14   | Gained mutation: Armour fits poorly on your strangely
                  | shaped body. [potion of mutation]
 75869 | Zig:14   | Gained mutation: Your mind is acute. (Int +2) [potion of
                  | mutation]
 75869 | Zig:14   | Gained mutation: You passively map a small area around you.
                  | [potion of mutation]
 75869 | Zig:14   | Gained mutation: You have a beak for a mouth. [potion of
                  | mutation]
 75870 | Zig:14   | Lost mutation: Your mind is acute. (Int +2) [potion of
                  | mutation]
 75870 | Zig:14   | Lost mutation: You passively map a small area around you.
                  | [potion of mutation]
 75870 | Zig:14   | Gained mutation: You have sharp toenails. [potion of
                  | mutation]
 75870 | Zig:14   | Gained mutation: Your muscles are strong. (Str +2) [potion
                  | of mutation]
 75871 | Zig:14   | Lost mutation: Armour fits poorly on your strangely shaped
                  | body. [potion of mutation]
 75871 | Zig:14   | Lost mutation: Your muscles are strong. (Str +2) [potion of
                  | mutation]
 75871 | Zig:14   | Lost mutation: You have sharp toenails. [potion of
                  | mutation]
 75871 | Zig:14   | Gained mutation: Your natural rate of healing is unusually
                  | fast. [potion of mutation]
 75871 | Zig:14   | Gained mutation: You possess an exceptional clarity of
                  | mind. [potion of mutation]
 75871 | Zig:14   | Gained mutation: You expend magic power (3 MP) to
                  | strengthen your wands. [potion of mutation]
 75871 | Zig:14   | Gained mutation: You have large cloven feet. [potion of
                  | mutation]
 75883 | Zig:15   | Entered Level 15 of a ziggurat
 75895 | Zig:15   | Reached skill level 5 in Hexes
 76086 | Zig:15   | Identified Sif Muna's Handbook of Summoning and Flames
 76096 | Zig:16   | Entered Level 16 of a ziggurat
 76301 | Zig:16   | Reached skill level 10 in Hexes
 76318 | Zig:17   | Entered Level 17 of a ziggurat
 76331 | Zig:17   | Noticed an ancient lich
 76332 | Zig:17   | Noticed an ancient lich
 76334 | Zig:17   | Reached skill level 27 in Armour
 76334 | Zig:17   | Found the cursed necklace of Bloodlust {*Rage +Rage Will++
                  | Int-3 Slay+6 *Curse}
 76334 | Zig:17   | Killed an ancient lich
 76343 | Zig:17   | Killed an ancient lich
 76361 | Zig:17   | Identified the Reference Book on Transmigration and the
                  | Snowflakes
 76461 | Zig:18   | Entered Level 18 of a ziggurat
 76471 | Zig:18   | Noticed an ancient lich
 76472 | Zig:18   | Noticed an ancient lich
 76472 | Zig:18   | Noticed an ancient lich
 76472 | Zig:18   | Noticed an ancient lich
 76472 | Zig:18   | Noticed an ancient lich
 76473 | Zig:18   | Noticed an ancient lich
 76475 | Zig:18   | Noticed an ancient lich
 76477 | Zig:18   | Noticed an ancient lich
 76477 | Zig:18   | Killed an ancient lich
 76478 | Zig:18   | Killed an ancient lich
 76478 | Zig:18   | Killed an ancient lich
 76479 | Zig:18   | Killed an ancient lich
 76480 | Zig:18   | Killed an ancient lich
 76480 | Zig:18   | Killed an ancient lich
 76493 | Zig:18   | Killed an ancient lich
 76494 | Zig:18   | Killed an ancient lich
 76574 | Zig:18   | Identified the Volume of the Noxious Frostbite
 76577 | Zig:18   | Got a smoking tin ring
 76583 | Zig:18   | Got a twitching diamond amulet
 76636 | Zig:19   | Entered Level 19 of a ziggurat
 76646 | Zig:19   | Reached skill level 15 in Maces & Flails
 76690 | Zig:19   | Identified Laffeagg's Reference Book on Congealing
                  | Weightlessness
 76871 | Zig:20   | Entered Level 20 of a ziggurat
 76882 | Zig:20   | Noticed an ancient lich
 76883 | Zig:20   | Noticed an ancient lich
 76883 | Zig:20   | Noticed an ancient lich
 76883 | Zig:20   | Noticed an ancient lich
 76884 | Zig:20   | Noticed an ancient lich
 76884 | Zig:20   | Noticed an ancient lich
 76885 | Zig:20   | Killed an ancient lich
 76886 | Zig:20   | Killed an ancient lich
 76886 | Zig:20   | Killed an ancient lich
 76890 | Zig:20   | Killed an ancient lich
 76890 | Zig:20   | Killed an ancient lich
 76890 | Zig:20   | Killed an ancient lich
 76891 | Zig:20   | Reached skill level 27 in Spellcasting
 77017 | Zig:20   | Identified The Tome of Greatest Risks and Utility
 77030 | Zig:21   | Entered Level 21 of a ziggurat
 77275 | Zig:21   | Got a pitted granite ring
 77278 | Zig:21   | Identified Sif Muna's Catalogue of Creative Displacement
 77287 | Zig:21   | Got a pair of ancient boots
 77302 | Zig:21   | Identified the +1 pair of boots "Lampuiphe" {rPois} (You
                  | found it on level 21 of a ziggurat)
 77315 | Zig:21   | Identified the ring "Vesk" {rN+ Will+} (You found it on
                  | level 21 of a ziggurat)
 77319 | Zig:21   | Identified the ring of Pintut {rF+ rC- Int+6} (You found it
                  | on level 18 of a ziggurat)
 77322 | Zig:21   | Identified the amulet "Nossempe" {RegenMP SInv} (You found
                  | it on level 18 of a ziggurat)
 77349 | Zig:22   | Entered Level 22 of a ziggurat
 77365 | Zig:22   | Reached skill level 27 in Necromancy
 77572 | Zig:22   | Got a shimmering amber ring
 77615 | Zig:22   | Identified the Papyrus of Air
 77621 | Zig:22   | Identified the Reference Book on the Creative Blaze
 77626 | Zig:22   | Got a brightly glowing bronze amulet
 77696 | Zig:23   | Entered Level 23 of a ziggurat
 77711 | Zig:23   | Reached skill level 27 in Fighting
 77711 | Zig:23   | Reached skill level 15 in Polearms
 77717 | Zig:23   | Noticed Taxzamm the pandemonium lord
 77732 | Zig:23   | Found the ring of the Hare {EV+8}
 77732 | Zig:23   | Found the +7 lajatang of Order {silver, rMut}
 77756 | Zig:23   | Killed Taxzamm the pandemonium lord
 77800 | Zig:23   | Found the +7 Singing Sword {vorpal, sonic wave}
 77945 | Zig:23   | Identified the Volume of Twisted Heat
 77951 | Zig:23   | Got a fine turquoise ring
 77961 | Zig:23   | Identified the ring "Koporch" {rPois rF+ Str+4 Stlth+} (You
                  | found it on level 22 of a ziggurat)
 77964 | Zig:23   | Identified the amulet "Wirry" {RegenMP rN+} (You found it
                  | on level 22 of a ziggurat)
 77977 | Zig:23   | Identified the ring "Vaseiwih" {Ice *Corrode rN+ Will+++
                  | Str-5 SInv} (You found it on level 23 of a ziggurat)
 78004 | Zig:24   | Entered Level 24 of a ziggurat
 78146 | Zig:24   | Found the +12 glaive of Prune {vorpal}
 78238 | Zig:24   | Identified the Volume of Arcane Weapons
 78241 | Zig:24   | Got a crude copper amulet
 78246 | Zig:24   | Got a smoking iron amulet
 78255 | Zig:24   | Identified the amulet "Kawipox" {Reflect rN+ Str+3 Dex+5
                  | SH+5} (You found it on level 24 of a ziggurat)
 78257 | Zig:24   | Identified the amulet "Ezaotat" {Inacc rC+ Str+3 Int+3
                  | Dex+3} (You found it on level 24 of a ziggurat)
 78264 | Zig:25   | Entered Level 25 of a ziggurat
 78277 | Zig:25   | Reached skill level 5 in Long Blades
 78320 | Zig:25   | Reached skill level 10 in Long Blades
 78518 | Zig:25   | Found the +1 cloak of Starlight {*Dazzle EV+4 Stlth--}
 78531 | Zig:25   | Got a steaming diamond amulet
 78576 | Zig:25   | Identified the amulet "Qaar" {Reflect rElec rPois rN++
                  | Dex-5 SH+5} (You found it on level 25 of a ziggurat)
 78579 | Zig:26   | Entered Level 26 of a ziggurat
 78680 | Zig:26   | Reached skill level 27 in Dodging
 78699 | Zig:26   | Reached skill level 15 in Long Blades
 78899 | Zig:26   | Found the +5 demon whip "Spellbinder" {antimagic, Will+}
 78922 | Zig:26   | Identified the Papyrus of Contamination
 78961 | Zig:27   | Entered Level 27 of a ziggurat
 79287 | Zig:27   | Got a vibrating jade ring
 79288 | Zig:27   | Identified the Incunabulum of Blistering Stones
 79311 | Zig:27   | Identified the ring of Uskumon {rElec rN+ Int+2} (You found
                  | it on level 27 of a ziggurat)
 79346 | Tomb:3   | Acquired 1035 gold pieces
 79960 | Slime:1  | Entered Level 1 of the Pits of Slime
 80677 | Slime:4  | Noticed Dissolution
 80684 | Slime:4  | Killed Dissolution
 80973 | Slime:5  | Entered Level 5 of the Pits of Slime
 81048 | Slime:5  | Noticed the Royal Jelly
 81234 | Slime:5  | Killed the Royal Jelly
 81380 | Slime:5  | Found the +4 moon troll leather armour {Spirit, Regen++
                  | MP+5}
 81385 | Slime:5  | Got a slimy rune of Zot
 81396 | Slime:5  | Found the +12 Vampire's Tooth {vamp}
 81400 | Slime:5  | Identified the Grimoire of Lightness and Earth
 81405 | Slime:5  | Got a translucent bone ring
 81409 | Slime:5  | Identified the Compendium of Summoning
 81452 | Slime:5  | Identified the Catalogue of Pyromania
 81908 | Swamp:2  | Voluntarily entered the Abyss.
 82328 | Abyss:3  | Found a corrupted altar of Lugonu.
 82482 | Abyss:3  | Found a broken altar of Ashenzari.
 82731 | Abyss:4  | Noticed an ancient lich
 82748 | Abyss:4  | Killed an ancient lich
 82756 | Abyss:4  | Identified the cursed +1 ring mail "Gusah" {rPois Regen+
                  | Int+4 SInv}
 83059 | Abyss:5  | Entered Level 5 of the Abyss
 83068 | Abyss:5  | Found a corrupted altar of Lugonu.
 83572 | Abyss:5  | Got an abyssal rune of Zot
 83601 | Swamp:2  | Escaped the Abyss
 83912 | Depths:1 | Entered Level 1 of the Depths
 83963 | Depths:1 | Noticed Mara
 83968 | Depths:1 | Noticed DildoBatman's illusion
 83978 | Depths:1 | Killed Mara
 83989 | Depths:1 | Found a gateway to Hell.
 84787 | Depths:2 | Found a hide-covered altar of Uskayaw.
 85085 | Depths:2 | Identified Sif Muna's Volume of Torrid Changing
 85627 | Hell     | Entered the Vestibule of Hell
 85627 | Hell     | Found a gateway to the ashen valley of Gehenna.
 85627 | Hell     | Noticed Geryon
 85644 | Hell     | Noticed Murray
 85653 | Hell     | Killed Murray
 85656 | Hell     | Killed Geryon
 85900 | Hell     | Found a gateway to the Iron City of Dis.
 85966 | Hell     | Found a gateway to the freezing wastes of Cocytus.
 86028 | Hell     | Found a gateway to the decaying netherworld of Tartarus.
 86270 | Geh:1    | Entered Level 1 of Gehenna
 86274 | Geh:1    | You fall into a shaft and drop 1 floor!
 86278 | Geh:2    | You fall into a shaft and drop 2 floors!
 86281 | Geh:4    | You fall into a shaft and drop 2 floors!
 86284 | Geh:6    | You fall into a shaft and drop 1 floor!
 86284 | Geh:7    | Entered Level 7 of Gehenna
 86494 | Geh:7    | Reached skill level 27 in Polearms
 86686 | Geh:7    | Found the +7 sceptre of Asmodeus
 86686 | Geh:7    | Noticed Asmodeus
 86726 | Geh:7    | Killed Asmodeus
 86797 | Geh:7    | Got an obsidian rune of Zot
 86955 | Dis:1    | Entered Level 1 of the Iron City of Dis
 86959 | Dis:1    | You fall into a shaft and drop 1 floor!
 86962 | Dis:2    | You fall into a shaft and drop 2 floors!
 86965 | Dis:4    | You fall into a shaft and drop 2 floors!
 86968 | Dis:6    | You fall into a shaft and drop 1 floor!
 86968 | Dis:7    | Entered Level 7 of the Iron City of Dis
 87065 | Dis:7    | Found the +4 staff of Dispater
 87065 | Dis:7    | Noticed Dispater
 87093 | Dis:7    | Killed Dispater
 87384 | Dis:7    | Got a scintillating glass ring
 87386 | Dis:7    | Got a fine crystal amulet
 87408 | Dis:7    | Identified the ring of Onaonk {*Tele rF+ rC++ SInv Stlth+}
                  | (You found it on level 5 of the Pits of Slime)
 87411 | Dis:7    | Identified the ring "Melup" {rPois rN+ Dex+5} (You found it
                  | on level 7 of the Iron City of Dis)
 87414 | Dis:7    | Identified the amulet of Hepliaklqana's Hatred {rN+ Regen+
                  | Str+3 Dex+4} (You found it on level 7 of the Iron City of
                  | Dis)
 87450 | Dis:7    | Reached skill level 1 in Throwing
 87540 | Dis:7    | Identified the Handbook of the Snowflakes and Enchantment
 87583 | Dis:7    | Got an iron rune of Zot
 87764 | Coc:1    | Entered Level 1 of Cocytus
 87768 | Coc:1    | You fall into a shaft and drop 1 floor!
 87771 | Coc:2    | You fall into a shaft and drop 2 floors!
 87774 | Coc:4    | You fall into a shaft and drop 2 floors!
 87777 | Coc:6    | You fall into a shaft and drop 1 floor!
 87777 | Coc:7    | Entered Level 7 of Cocytus
 87853 | Coc:7    | Noticed Antaeus
 87870 | Coc:7    | Reached skill level 5 in Throwing
 87917 | Coc:7    | Killed Antaeus
 87918 | Coc:7    | Reached skill level 10 in Crossbows
 88043 | Coc:7    | Got an icy rune of Zot
 88175 | Coc:7    | Noticed a shard shrike
 88193 | Coc:7    | Killed a shard shrike
 88194 | Coc:7    | Reached skill level 27 in Transmutations
 88332 | Tar:1    | Entered Level 1 of Tartarus
 88336 | Tar:1    | You fall into a shaft and drop 1 floor!
 88339 | Tar:2    | You fall into a shaft and drop 1 floor!
 88342 | Tar:3    | You fall into a shaft and drop 3 floors!
 88345 | Tar:6    | You fall into a shaft and drop 1 floor!
 88345 | Tar:7    | Entered Level 7 of Tartarus
 88714 | Tar:7    | Got a crude jade amulet
 88802 | Tar:7    | Reached skill level 10 in Throwing
 89300 | Tar:7    | Noticed Ereshkigal
 89326 | Tar:7    | Killed Ereshkigal
 89357 | Tar:7    | Got a bone rune of Zot
 89551 | Tar:7    | Got a transparent tin ring
 89583 | Tar:7    | Identified the amulet of Zaudaophe {Reflect *Slow Str+5
                  | SH+5} (You found it on level 7 of Tartarus)
 89585 | Tar:7    | Identified the ring of the Hidden Blessings {rF+ Int+6
                  | SInv} (You found it on level 7 of Tartarus)
 90264 | Depths:3 | Reached skill level 10 in Fire Magic
 90267 | Depths:3 | Reached skill level 10 in Conjurations
 90334 | Depths:3 | Identified the Guide on Quantum Stones
 90672 | Depths:3 | Found a one-way gate leading to the halls of Pandemonium.
 91033 | Pan      | Entered Pandemonium
 91038 | Pan      | Noticed Pucho the pandemonium lord
 91050 | Pan      | Killed Pucho the pandemonium lord
 91116 | Pan      | Found an exit through the horrors of the Abyss.
 91520 | Pan      | Noticed Cittaen the pandemonium lord
 91535 | Pan      | Entered the realm of Gloorx Vloq.
 91666 | Pan      | Noticed Gloorx Vloq
 91683 | Pan      | Killed Gloorx Vloq
 91686 | Pan      | Got a dark rune of Zot
 92084 | Pan      | Entered the realm of Lom Lobon.
 92245 | Pan      | Noticed Lom Lobon
 92252 | Pan      | Reached skill level 15 in Ice Magic
 92262 | Pan      | HP: 1/249 [Lom Lobon/great icy blast (64)]
 92262 | Pan      | Killed from afar by a wind drake

Illustrated notes

Levels and vault maps discovered:
D:1:      dpeg_arrival_connections, layout_basic
D:2:      layout_basic
D:3:      layout_rooms, lemuel_crystal_altar, wad_floor_pattern_2,
          minmay_vboxes, uniq_grinder
D:4:      layout_gridville, minmay_temple_entry_trees, minmay_diced_spiral
D:5:      wad_woods_pond, layout_loops_cross, serial_shops,
          nicolae_shop_waterfront, tgw_trog, uniq_pikel, uniq_duvessa,
          uniq_crazy_yiuf_cottage
D:6:      layout_rooms, kennysheep_mini, okawaru_altar_gauntlet_db,
          nicolae_overflow_hidden_temple, uniq_eustachio
D:7:      layout_basic, moated_statue
D:8:      kennysheep_spiral_hall, layout_rooms,
          yredelemnul_forgotten_temple_becter, hex_intersection,
          hangedman_incinerator
D:9:      layout_cross, marbit_many_paths, general_overflow_altar,
          due_lair_maze_entry_diamond, david_orc_3, basic_altar,
          minmay_shop_damaged, minmay_misc_feat_cross, st_stairs_9, minivault_13
D:10:     layout_loops_ring, ebering_ghost_rock_garden,
          nicolae_trove_entry_path_of_doom, nicolae_gozag_seed_capital
D:11:     layout_loops_ring, serial_shops, nicolae_shop_waterfront,
          nicolae_shop_temple_entry_statues_fountains, nicolae_shop_stone, shop,
          shop, minmay_ruined_shrine
D:12:     minmay_connected_boxes_in_corner, layout_long_grid,
          kennysheep_generic_room_16
D:13:     layout_roguey, uniq_jorgrun, uniq_frances
D:14:     layout_rooms, ximxim_vaults_locker_room, yredelemnul_altar_generic,
          uniq_snorg, uniq_azrael
D:15:     grunt_enter_depths_hoard, layout_small_grid
Temple:   cyrus_circular_temple
Lair:1:   layout_long_grid, grunt_megastairs_2, serial_bayou_shore_a
Lair:2:   layout_small_grid
Lair:3:   layout_cave_pods, dummy_snake_entry
Lair:4:   layout_regular_city, minmay_swamp_entry_reptiles,
          guppyfry_lair_drakes, uniq_josephine
Lair:5:   layout_small_grid, lemuel_fruit_fields, grunt_megastairs_5,
          infiniplex_staircase_pool
Lair:6:   hangedman_lair_tendril_chambers, layout_regular_city, slime_altar_1,
          gauntlet_entry_generic, uniq_rupert
Swamp:1:  layout_basic_swamp, nicolae_swamp_feature_on_the_river_bank,
          infiniplex_staircase_pool_2
Swamp:2:  layout_basic_swamp, gammafunk_ghost_abyssal_escape,
          evilmike_swamp_ruin_house_5, uniq_louise
Swamp:3:  layout_basic_swamp, hangedman_swamp_lotus, swamp_pool4, uniq_kirke
Swamp:4:  nzn_swamp_witches_coven, layout_basic_swamp, swamp_pool1
Snake:1:  layout_basic, nicolae_snake_biting_tails,
          nrook_guardian_serpent_ordinary, minmay_shop_grove, uniq_roxanne,
          uniq_aizul, uniq_agnes
Snake:2:  layout_basic, basic_altar
Snake:3:  layout_misc_corridors, nrook_loot_triangle, statue_in_the_mist_lemuel,
          nicolae_snake_squiggles, corexii_hall_statues_t,
          nicolae_snake_salamander_stairs, minmay_shoptagon
Snake:4:  snake_pit_salamanders_mu, layout_cave_town, nicolae_snake_double_loop,
          serial_bayou_shore_b
Slime:1:  layout_caves
Slime:2:  layout_caves
Slime:3:  layout_caves
Slime:4:  layout_caves, dissolution_awaits
Slime:5
Orc:1:    layout_diamond_mine, nicolae_volcano_entry_s_turn, abandoned_shop
Orc:2:    st_orc_congregation, layout_caves, serial_shops, nicolae_shop_crystal
Elf:1:    minmay_elf_arrival_summoners, layout_geoelf_diagonals,
          minmay_elf_demonology, nicolae_wwwww, onia_ninara_cookie
Elf:2:    layout_geoelf_octagon, basic_altar, infiniplex_enter_wizlab_spiral,
          uniq_nikola
Elf:3:    elf_hall, layout_geoelf_grid, ebering_ghost_inner_flame
Vaults:1: ontoclasm_vaults_ring_square, v_misc_8, dpeg_vaults_monster_box,
          vaults_mumra_chevron, grunt_vaults_swirl,
          nicolae_vaults_ninety_degrees, nicolae_vaults_octagons, v_pattern_5,
          vaults_standard_mumra_enter_the_diamond, vaults_mumra_minichess,
          layout_vaults_ring, serial_shops, shop
Vaults:2: v_rooms_1, nicolae_vaults_little_ls, ontoclasm_vaults_ring_square,
          hangedman_vaults_variations, vaults_dpeg_hooks,
          nicolae_vaults_diagonal_hallway_8, nicolae_vaults_little_squares_6,
          vaults_room_stairs_pillars, v_alt_pattern_2, v_misc_16,
          ontoclasm_vaults_loading_screen, nicolae_vaults_mini_display_case,
          v_misc_14, layout_vaults_omnigrid, serial_shops, shop
Vaults:3: nicolae_vaults_circle_grid_a, blue_anna_dwarven_crypt,
          vaults_room_grid, vaults_room_boxed, hangedman_vaults_restitches,
          v_misc_5, hangedman_vaults_nails, ontoclasm_vaults_idyll,
          st_hourglassy, ontoclasm_vaults_gateway, ontoclasm_vaults_ring_square,
          hangedman_vaults_corner_blocks, nicolae_vaults_angled_halls,
          nicolae_vaults_network_barrier, vaults_room_semicircle,
          hangedman_vaults_capsules, layout_vaults_omnibox
Vaults:4: nicolae_vaults_specimen_jars, v_pattern_4, st_spiral_rooms,
          nicolae_vaults_little_squares_1, grunt_vaults_focal, v_misc_4,
          ontoclasm_vaults_decontamination, v_rooms_2, vaults_mumra_lcd,
          nicolae_vaults_little_squares_6, vaults_mumra_hex,
          hangedman_vaults_maws, vaults_dpeg_ring, layout_vaults_omnicross,
          serial_shops, nicolae_shop_waterfront, shop
Vaults:5
Crypt:1:  layout_chaotic_city, uniq_mennas, uniq_frederick
Crypt:2:  layout_rooms, gammafunk_ghost_grave, corexii_leaking_fountain,
          due_unseen_surprise, uniq_margery
Crypt:3:  lightli_unholy_cathedral, layout_chaotic_city,
          tomb_entry_sphere_bobbens
Tomb:1
Tomb:2
Tomb:3
Depths:1: layout_gridville, pf_coc_iceberg, marbit_kobold_abyss_entry,
          kennysheep_generic_room_7, uniq_mara
Depths:2: regret_index_uskayaw_diablada_macabre, layout_cave_pools,
          minmay_room_of_horrors, grunt_hell_entry_dis_mu, nrook_campfire,
          minmay_staircase_bubble
Depths:3: kennysheep_large_spiral, layout_basic, rand_demon_pan_entry_8,
          hell_entry, kennysheep_doodads, minivault_16, lemuel_flamethrower_hall
Hell
Dis:1:    layout_gridville
Dis:2:    layout_gridville, grunt_megastairs_1
Dis:4:    grunt_deathspiral_small, layout_overlapping_boxes
Dis:6:    layout_chaotic_city, grunt_dis_stairs_iron_hall
Dis:7:    iron_city_of_dis [dis_grunt, dis_wall_7], layout_chaotic_city
Geh:1:    layout_gehenna_pools_triple
Geh:2:    layout_gehenna_lava_caves, lemuel_elevator
Geh:4:    layout_gehenna_lava_caves
Geh:6:    layout_gehenna_pools_box
Geh:7:    evilmike_geh
Coc:1:    layout_ice_bergs
Coc:2:    layout_ice_bergs
Coc:4:    layout_cocytus_water_paths
Coc:6:    layout_cocytus_water_paths
Coc:7:    coc_grunt_cove [coc_grunt_cove_antaeus, coc_grunt_cove_fiend,
          coc_grunt_cove_fiend, coc_grunt_cove_fiend, coc_grunt_cove_fiend]
Tar:1:    layout_honeycomb, nicolae_tar_cuneiform_bird
Tar:2:    layout_honeycomb
Tar:3:    layout_cathedral_of_symmetry, nicolae_tar_cuneiform_bread,
          grunt_megastairs_4
Tar:6:    layout_grid_maze
Tar:7:    tar_mu [tar_mu_maze]
Pan:      rand_demon_3, layout_gridlike, lemuel_hellion_island, layout_rooms,
          pan_blood_fountain_small, special_room [special_room_demon_pit],
          grunt_pan_frozen_over, layout_pan_divisions_b
          [pan_division_quadrant_b1, pan_division_quadrant_b4,
          pan_division_quadrant_b6, pan_division_quadrant_b2],
          grunt_pan_pentagram, layout_pan_divisions_b [pan_division_quadrant_b4,
          pan_division_quadrant_b3, pan_division_quadrant_b1,
          pan_division_quadrant_b6], nicolae_pan_cerebovesque_4,
          evilmike_mini_pan_possible_glass, layout_irregular_city,
          pan_blood_fountain, lemuel_hall_of_pain, layout_gridlike,
          regret_index_pan_draining_boxed, layout_gridlike, pan_blood_fountain,
          nicolae_pan_mnolegish_3, evilmike_mini_pan_diamond, layout_gridville,
          gloorx_vloq_grunt_torture_chamber, layout_gridville,
          nicolae_pan_sick_transit, rand_demon_6, layout_onion_city,
          pan_disco_hall, layout_irregular_city, nicolae_pan_sigil_obb,
          reaverb_pan_squares, lom_lobon_grunt_wind_tunnels, layout_small_grid

Skill      XL: |  1  2  3  4  5  6  7  8  9 10 11 12 13 14 15 16 17 18 19 20 21 22 23 24 25 26 27 |
---------------+----------------------------------------------------------------------------------+-----
Conjurations   | 4 5 6 12 | 12.5
Fighting       | 1 2 5 8 10 11 15 16 27 | 27.0
Armour         | 1 2 5 8 10 27 | 27.0
Spellcasting   | 4 7 10 12 27 | 27.0
Necromancy     | 1 5 8 9 10 12 14 17 19 27 | 27.0
Fire Magic     | 4 5 13 | 13.0
Dodging        | 2 5 7 27 | 27.0
Shields        | 9 14 15 27 | 27.0
Earth Magic    | 9 13 16 18 20 27 | 27.0
Poison Magic   | 3 4 |  4.0
Air Magic      | 2 5 27 | 27.0
Transmutations | 5 8 12 17 19 27 | 27.0
Bows           | 6 |  6.0
Crossbows      | 1 8 13 | 13.3
Stealth        | 8 14 | 14.3
Evocations     | 7 27 | 27.0
Maces & Flails | 18 | 18.6
Ice Magic      | 15 | 15.1
Polearms       | 27 | 27.0
Hexes          | 14 | 14.8
Long Blades    | 15 | 15.1
Throwing       | 11 | 11.1

Action                   |  1- 3 |  4- 6 |  7- 9 | 10-12 | 13-15 | 16-18 | 19-21 | 22-24 | 25-27 || total
-------------------------+-------+-------+-------+-------+-------+-------+-------+-------+-------++-------
Melee: Club              |     1 |       |       |       |       |       |       |       |       ||     1
       Short sword       |     1 |       |       |       |       |       |       |       |       ||     1
       Dagger            |       |    12 |     2 |       |       |   288 |     6 |       |       ||   308
       Staff             |       |       |       |    16 |     5 |     5 |       |       |   197 ||   223
       Mace              |       |       |       |     5 |       |       |       |       |       ||     5
       Quick blade       |       |       |       |    15 |  1055 |   640 |       |       |       ||  1710
       Trident           |       |       |       |       |     4 |       |       |       |    45 ||    49
       Scimitar          |       |       |       |       |       |    69 |       |       |       ||    69
       Quarterstaff      |       |       |       |       |       |       |    69 |       |     6 ||    75
       Unarmed           |       |       |       |       |       |       |     8 |       |       ||     8
       Lance             |       |       |       |       |       |       |       |       |  2223 ||  2223
       Peck              |       |       |       |       |       |       |       |       |   504 ||   504
       Double sword      |       |       |       |       |       |       |       |       |   131 ||   131
 Fire: Shortbow          |       |       |     4 |       |       |       |       |       |       ||     4
       Hunting sling     |       |       |    17 |   118 |       |       |       |       |       ||   135
       Fustibalus        |       |       |       |    28 |   121 |   131 |    15 |       |       ||   295
       Longbow           |       |       |       |       |       |       |   177 |       |       ||   177
       Hand crossbow     |       |       |       |       |       |       |   342 |   476 |  1137 ||  1955
 Cast: Magic Dart        |    60 |    42 |    38 |    79 |    20 |       |       |       |       ||   239
       Searing Ray       |     4 |    21 |    44 |   126 |   105 |       |       |       |       ||   300
       Conjure Flame     |       |       |       |    35 |   231 |    66 |    19 |     4 |    22 ||   377
       Vampiric Draining |       |       |       |    27 |   174 |    95 |    18 |     3 |     4 ||   321
       Sublimation of Bl |       |       |       |     5 |    17 |    16 |    26 |     6 |    43 ||   113
       Dispel Undead     |       |       |       |     1 |    16 |    11 |    18 |     9 |    89 ||   144
       Bolt of Magma     |       |       |       |       |     4 |       |     3 |       |       ||     7
       Mephitic Cloud    |       |       |       |       |       |    21 |     3 |       |       ||    24
       Borgnjor's Vile C |       |       |       |       |       |   192 |   343 |   231 |   718 ||  1484
       Statue Form       |       |       |       |       |       |       |       |     1 |       ||     1
       Necromutation     |       |       |       |       |       |       |       |    25 |   291 ||   316
       Shatter           |       |       |       |       |       |       |       |       |   662 ||   662
       Tornado           |       |       |       |       |       |       |       |       |   185 ||   185
       Ozocubu's Armour  |       |       |       |       |       |       |       |       |    54 ||    54
Invok: Receive Necronomi |       |       |       |       |     1 |       |       |       |       ||     1
       Renounce Religion |       |       |       |       |     1 |       |       |       |       ||     1
       Potion Petition   |       |       |       |       |       |       |       |       |    53 ||    53
 Abil: Dig               |     4 |     9 |    11 |    47 |   123 |    69 |     7 |    27 |    18 ||   315
       End Transformatio |       |       |       |       |       |       |       |     2 |    38 ||    40
       Shaft Self        |       |       |       |       |       |       |       |       |    16 ||    16
Evoke: Wand              |       |       |       |     4 |       |     1 |       |       |    13 ||    18
       Figurine of a zig |       |       |       |       |       |       |       |       |     4 ||     4
       Phial of floods   |       |       |       |       |       |       |       |       |     2 ||     2
       Condenser vane    |       |       |       |       |       |       |       |       |     1 ||     1
  Use: Scroll            |       |     8 |     1 |     7 |     7 |    10 |    11 |     2 |    85 ||   131
       Potion            |       |       |       |     3 |    10 |     1 |     1 |     2 |    63 ||    80
 Stab: Sleeping          |       |     1 |       |       |       |     1 |       |       |     5 ||     7
       Distracted        |       |       |       |       |     1 |     4 |       |       |   109 ||   114
       Confused          |       |       |       |       |       |    11 |       |       |       ||    11
       Invisible         |       |       |       |       |       |       |       |       |    14 ||    14
Armor: Robe              |     4 |    10 |     1 |       |       |       |       |       |       ||    15
       Leather armour    |       |       |     9 |    30 |    24 |       |       |       |       ||    63
       Steam dragon scal |       |       |       |     9 |    57 |       |       |       |       ||    66
       Troll leather arm |       |       |       |       |   103 |   217 |    90 |    57 |   741 ||  1208
Dodge: Dodged            |     7 |    28 |    32 |   183 |   495 |   510 |   255 |   153 |  1928 ||  3591
Block: Tower shield      |       |       |       |       |   684 |  1059 |   446 |   323 |  4386 ||  6898
       Reflection        |       |       |       |       |       |       |       |       |   210 ||   210
       Rpst.: Scimitar   |       |       |       |       |       |     3 |       |       |       ||     3
       Double sword      |       |       |       |       |       |       |       |       |     9 ||     9
